 Dungeon Crawl Stone Soup version 0.18-a0-1180-g64ccc1e (webtiles) character file.

666649 namelastname112 the Shatterer (level 27, -1/256 HPs)
             Began as a Pale Draconian Chaos Knight on Jan 26, 2016.
             Engulfed by a cloud of flame (4 damage)
             ... while paralysed
             ... on level 4 of the Realm of Zot on Jan 27, 2016.
             The game lasted 04:35:31 (88277 turns).

namelastname112 the Shatterer (DrCK)               Turns: 88277, Time: 04:35:31

Health: -1/256     AC: 17    Str: 19    XL:     27
Magic:  42/42      EV:  2    Int: 16    God:    Xom [.*....]
Gold:   6497       SH:  0    Dex: 23    Spells: 4 memorised, 29 levels left

rFire  + + +     SeeInvis .     a - +7 great mace "Firestarter" {inner flame, rF++}
rCold  + . .     Gourm    .     (armour unavailable)
rNeg   + + .     Faith    .     (shield currently unavailable)
rPois  +         Spirit   .     R - -2 hat of the Alchemist {rElec rPois rF+ rC+ rN+ MR+ rMut rCorr}
rElec  +         Dismiss  .     z - +2 cloak {+Inv}
rCorr  +         Reflect  +     e - +2 pair of gloves {Dex+3}
rMut   +         Harm     .     f - +2 pair of boots of the Assassin {DetectMon Stab+ Stlth++}
SustAt .                        s - +3 amulet of reflection
MR     +++++                    A - ring of Orthodoxy {+Blink rN+ MR+ Slay+3 Stlth-}
Stlth  +++.......               Y - +5 ring of protection

@: paralysed, exhausted, corroded equipment, slowed, deflect missiles, almost
entirely resistant to hostile enchantments, fairly stealthy
A: breathe steam, unfitting armour, big wings, claws 1, fangs 1, stinger 1,
clever 1, high mp 1, magic resistance 1, mutation resistance 1, poison
resistance, regeneration 2, electricity resistance, strong 1, wild magic 1,
cold-blooded, AC +13
a: Breathe Steam, Fly, Renounce Religion, Evoke Blink, Evoke Invisibility
}: 4/15 runes: decaying, serpentine, slimy, silver


You were on level 4 of the Realm of Zot.
You worshipped Xom.
You were a plaything of Xom.
You were not hungry.

You visited 10 branches of the dungeon, and saw 56 of its levels.
You visited the Abyss 1 time.
You also visited: Trove, Sewer, Ossuary, Bailey and Ice Cave.

You collected 10850 gold pieces.
You spent 4353 gold pieces at shops.

Inventory:

Hand Weapons
 a - the +7 great mace "Firestarter" (weapon) {inner flame, rF++}
   (You bought it in a shop on level 6 of the Dungeon)

   It has been specially enchanted to burn those struck by it, causing extra
   injury to most foes and up to half again as much damage against particularly
   susceptible opponents.
   It greatly protects you from fire.
 k - the +10 dark maul {crush}
   (You took it off a deep elf sorcerer on level 3 of the Elven Halls)

   It inflicts extra damage upon your enemies.
 o - a +7 eveningstar of electrocution
Armour
 e - a +2 pair of gloves of dexterity (worn)
 f - the +2 pair of boots of the Assassin (worn) {DetectMon Stab+ Stlth++}
   (You acquired it on level 6 of the Pits of Slime)

   It makes you much more stealthy.
 z - a +2 cloak of invisibility (worn)
 R - the -2 hat of the Alchemist (worn) {rElec rPois rF+ rC+ rN+ MR+ rMut rCorr}
   (You found it in a bailey)

   It protects you from fire.
   It protects you from cold.
   It insulates you from electricity.
   It protects you from poison.
   It protects you from negative energy.
   It affects your resistance to hostile enchantments.
   It protects you from acid and corrosion.
   It protects you from mutation.
Jewellery
 i - the ring of Xocyaloj {SustAt *Drain rC+ MP+9 Dex+6}
   (You found it in a treasure trove)

   [ring of sustain attributes]

   It sustains your strength, intelligence and dexterity.
   It affects your dexterity (+6).
   It protects you from cold.
   It affects your magic capacity (+9).
   It causes draining when unequipped.
 q - the ring of Zeabi {rPois rC+ MR+ MP+9}
   (You took it off a yaktaur captain on level 1 of the Vaults)

   [ring of magical power]

   It protects you from cold.
   It protects you from poison.
   It affects your resistance to hostile enchantments.
   It affects your magic capacity (+9).
 s - a +3 amulet of reflection (around neck)
 A - the ring of Orthodoxy (right hand) {+Blink rN+ MR+ Slay+3 Stlth-}
   (You found it on level 3 of the Realm of Zot)

   [ring of loudness]

   It affects your accuracy and damage with ranged weapons and melee attacks
   (+3).
   It protects you from negative energy.
   It affects your resistance to hostile enchantments.
   It lets you blink.
   It makes you less stealthy.
 N - the ring "Huigaih" {EV+3 Dex+5}
   (You found it on level 5 of the Vaults)

   [ring of evasion]

   It affects your evasion (+3).
   It affects your dexterity (+5).
 W - the cursed necklace of Bloodlust {*Rage +Rage MR+ Str+2 Int-2 Slay+3 *Curse}
   (You found it in a treasure trove)

   [amulet of rage]

   It affects your strength (+2).
   It affects your intelligence (-2).
   It affects your accuracy and damage with ranged weapons and melee attacks
   (+3).
   It affects your resistance to hostile enchantments.
   It lets you go berserk.
   It may make you go berserk in combat.
   It may re-curse itself when equipped.
   It has a curse placed upon it.
 Y - a +5 ring of protection (left hand)
Wands
 m - a wand of teleportation (2/9)
 t - a wand of fire (3/15)
 v - a wand of cold (3/15)
 C - a wand of disintegration (0/24)
 I - a wand of draining (1/15)
 V - a wand of heal wounds (6/9)
Scrolls
 c - a scroll of brand weapon
 d - 3 scrolls of teleportation
 h - 35 scrolls of remove curse
 j - 5 scrolls of recharging
 l - 4 scrolls of fear
 y - 9 scrolls of identify
 B - 7 scrolls of magic mapping
 P - 3 scrolls of blinking
 Q - 4 scrolls of fog
Potions
 g - 15 potions of flight
 n - 22 potions of curing
 p - 15 potions of brilliance
 D - 11 potions of haste
 G - 5 potions of heal wounds
 H - 6 potions of might
 J - 2 potions of invisibility
 K - 7 potions of agility
 O - 6 potions of magic
 T - 5 potions of resistance
 U - 2 potions of cancellation
 Z - 7 potions of ambrosia
Miscellaneous
 u - 3 phantom mirrors
 x - a lamp of fire
 E - a piece from Xom's chessboard
 L - a lamp of fire
 M - a stone of tremors
 S - a phial of floods
 X - a fan of gales
Comestibles
 b - 26 bread rations
 r - 19 meat rations
 w - 48 fruits


   Skills:
 + Level 22.7 Fighting
   Level 10.2(20.0) Axes
 * Level 26.3(26.7) Maces & Flails
 + Level 16.7 Dodging
   Level 10.3 Shields
 - Level 11.9 Spellcasting
 - Level 5.0 Hexes
 - Level 17.9 Charms
 - Level 15.6 Air Magic
 - Level 13.6 Evocations


You had 29 spell levels left.
You knew the following spells:

 Your Spells              Type           Power        Failure   Level  Hunger
a - Haste                 Chrm           #######.     3%          6    ######.
b - Deflect Missiles      Chrm/Air       #######...   4%          6    ######.
c - Silence               Hex/Air        ######....   9%          5    #####..
d - Regeneration          Chrm/Necr      ######....   3%          3    None


Dungeon Overview and Level Annotations

Branches:
Dungeon (15/15)            Temple (0/1) D:7            Lair (8/8) D:9
  Swamp (4/4) Lair:6        Snake (4/4) Lair:3        Slime (6/6) Lair:6
    Orc (2/2) D:12            Elf (3/3) Orc:2        Vaults (5/5) D:13
  Crypt (0/3) Vaults:2     Depths (5/5) D:15            Zot (4/5) Depths:5

Altars:
Ashenzari
Cheibriados
Elyvilon
Fedhas
Gozag
Kikubaaqudgha
Nemelex Xobeh
Okawaru
Pakellas
Sif Muna
Trog
Vehumet
Xom
The Shining One
Beogh
Jiyva

Shops:
D:3 *   D:4 (   D:6 (   D:12 (   Orc:2 ?:(*(?:   Vaults:2 %   Vaults:3 }
Vaults:4 ?   Depths:3 [   Depths:4 (%%

Portals:
Hell: Depths:1* Depths:2 Depths:3 Depths:4 Depths:5
Abyss: Depths:3 Depths:4
Pandemonium: Depths:1 Depths:2 Depths:3
Ziggurat: Depths:5

Annotations:
D:11 exclusion: 2 doors
Lair:2 exclusion: oklob plant
Lair:4 exclusion: oklob plant
Elf:2 3 runed doors


Innate Abilities, Weirdness & Mutations

You can breathe blasts of scalding, opaque steam.
Your pale cyan-grey scales are hard (AC +13).
Your body does not fit into most forms of armour.
You are cold-blooded and may be slowed by cold attacks.
Your large and strong wings let you fly indefinitely.
You have sharp fingernails.
You have very sharp teeth.
Your tail ends in a poisonous barb.
Your mind is acute. (Int +2)
You have an increased reservoir of magic (+10% MP).
You are resistant to hostile enchantments.
You are somewhat resistant to further mutation.
Your system is resistant to poisons.
You heal very quickly.
You are resistant to electric shocks.
Your muscles are strong. (Str +2)
Your spells are a little harder to cast, but a little more powerful.


Message History

The red draconian monk hits you. The red draconian monk kicks you!
The red draconian monk tail-slaps you!
* * * LOW HITPOINT WARNING * * *
The purple draconian is engulfed in roaring flames.
The purple draconian hits you with a mace!!
* * * LOW HITPOINT WARNING * * *
The moth of wrath goads the mottled draconian on!
The mottled draconian goes berserk!
The red draconian monk is engulfed in roaring flames.
The red draconian monk hits you!!
* * * LOW HITPOINT WARNING * * *
The red draconian monk kicks you!
* * * LOW HITPOINT WARNING * * *
Xom roars with laughter!
The red draconian monk tail-slaps you but does no damage.
The mottled draconian is engulfed in roaring flames.
The mottled draconian barely misses you.
You are engulfed in roaring flames.
You resist.
You die...
Xom chuckles heartily!

....... #.# #
<.........# #.# #
......%...# #.# #
..........# #.# #
%......%%.# #.# #
..........# ####.#######
y
..........###.....).....
..........'=..#######.##
......y@§§###.# #.#
.y....dqd§# #.# #.#
......§§§§# #.# #.#
......§§§§# #.# #.# y
......y...# #.# #.##
..........# #.# #...
..........# #.# #.##
..........###.#######.#
..........##..........#


You could see a red draconian monk (berserk), a mottled draconian (berserk), a
purple draconian (berserk) and 3 moths of wrath.

Vanquished Creatures
  the Royal Jelly (Slime:6)
  2 orbs of fire
  Mara (Swamp:3)
  2 ancient liches (Vaults:5)
  Mennas (Vaults:4)
  The ghost of Voda the Spry, a master OpAs of Yredelemnul (Zot:2)
  3 juggernauts
  the Lernaean hydra (Swamp:4)
  Frederick (Vaults:2)
  An iron giant (Depths:4)
  Norris (Depths:1)
  A caustic shrike (Depths:4)
  A Killer Klown (Zot:2)
  Nikola (Swamp:3)
  7 golden dragons
  The ghost of Azzok the Peltast, an adept MiFi of Trog (Vaults:5)
  11 tentacled monstrosities
  Rupert (D:13)
  4 liches
  11 titans
  Asterion (Depths:2)
  A deep elf blademaster (Elf:3)
  2 deep elf master archers (Elf:3)
  A quicksilver dragon (Vaults:5)
  Frances (D:13)
  2 death cobs
  The ghost of Voda the Metallomancer, an adept FeCK of Xom (Depths:3)
  5 sphinxes
  20 acid blobs
  10 storm dragons
  The ghost of 4thArraOfDagon the Bludgeoner, an adept OgHu of Makhleb (Snake:3)
  An ancient champion (Vaults:2)
  3 draconian monks
  6 shadow dragons
  3 thorn hunters
  6 tengu reavers
  13 greater nagas
  An iron dragon (Vaults:5)
  12 vault wardens
  4 azure jellies
  7 fire giants
  Wiglaf (Vaults:5)
  17 frost giants
  11 deep elf sorcerers
  6 draconian scorchers
  Maud (Lair:8)
  2 emperor scorpions
  An orc warlord (Depths:4)
  Louise (Swamp:2)
  9 deep elf elementalists
  4 draconian zealots
  3 draconian shifters
  17 ironheart preservers
  A cacodemon (Depths:1)
  Aizul (Snake:1)
  3 war gargoyles
  3 draconian annihilators (Zot:3)
  A spriggan defender (Depths:4)
  5 vampire knights
  Nessos (Orc:2)
  28 very ugly things
  7 ghost moths
  3 salamander stormcallers
  8 green draconians
  A caustic shrike skeleton (Depths:2)
  37 stone giants
  An apis (shapeshifter) (Zot:1)
  6 black draconians
  6 deep elf demonologists
  2 small abominations (Vaults:5)
  A dire elephant (Elf:3)
  7 deep elf annihilators
  2 purple draconians
  5 red draconians
  3 spark wasps (Depths:4)
  9 mottled draconians
  11 white draconians
  6 yellow draconians
  The ghost of M4edhros the Unseen, a journeyman OpAr of Gozag (Lair:3)
  2 minotaurs
  An ettin (shapeshifter) (Vaults:5)
  10 crystal guardians (Elf:3)
  18 ettins
  An eidolon (Vaults:2)
  A merfolk impaler (Depths:2)
  3 death oozes (Slime:6)
  6 deep elf high priests
  38 vault guards
  Erolcha (D:9)
  9 deep elf death magi
  17 fire dragons
  8 rakshasas
  17 yaktaur captains
  19 ice dragons
  10 great orbs of eyes
  5 entropy weavers
  21 hydras
  24 naga warriors
  A spriggan air mage (Depths:5)
  A ghost crab (Swamp:3)
  2 hell beasts (Depths:2)
  A merfolk avatar (Depths:2)
  3 catoblepae
  10 anacondas
  3 death knights
  13 centaur warriors
  18 ogre magi
  5 alligators
  4 deep troll shamans
  An anaconda (shapeshifter) (Depths:1)
  2 merfolk aquamancers (Depths:2)
  15 death yaks
  15 dancing weapons
  7 tengu warriors
  5 deep troll earth magi
  4 vampire magi
  8 shock serpents
  4 spriggan berserkers
  3 sun demons
  An orc high priest (Swamp:1)
  15 deep elf knights
  26 naga sharpshooters
  A shadow wraith (Vaults:5)
  2 soul eaters
  14 hell knights
  Nergalle (Orc:2)
  4 salamander mystics
  An iron troll (Depths:4)
  2 golden dragon zombies (D:15)
  2 fire crabs
  The ghost of Trivium the Shield-Bearer, a novice DsFi of Okawaru (D:8)
  A sea snake (Zot:2)
  3 unseen horrors
  A giant orange brain (shapeshifter) (Depths:4)
  4 skeletal warriors
  A quicksilver dragon simulacrum (Depths:2)
  6 wizards
  5 giant orange brains
  16 deep trolls
  3 shambling mangroves
  A death drake (shapeshifter) (Vaults:2)
  11 swamp dragons
  3 spriggan druids
  A golden dragon skeleton (Depths:2)
  A torturous demonspawn (Depths:2)
  4 flayed ghosts
  21 deep elf archers
  A lindwurm (Depths:2)
  A tengu zombie (D:15)
  11 harpies
  9 hill giants
  7 phantasmal warriors
  14 orc knights
  5 naga ritualists
  A stone giant zombie (Vaults:5)
  8 necromancers
  2 harpies (shapeshifter)
  A sphinx zombie (Depths:2)
  17 ironbrand convokers
  8 mana vipers
  8 griffons
  2 shining eyes
  39 ugly things
  An oklob plant (Lair:8)
  54 deep elf magi
  A cyclops (shapeshifter) (Vaults:5)
  7 cyclopes
  4 wolf spiders
  14 salamanders
  A sixfirhy (Depths:2)
  7 hornets
  10 orc sorcerers
  2 manticores
  13 moths of wrath
  10 elephants
  An octopode (shapeshifter) (Vaults:4)
  2 black mambas (shapeshifter)
  A torpor snail (shapeshifter) (Vaults:5)
  17 naga magi
  An ice statue (IceCv)
  Joseph (D:9)
  44 black mambas
  A guardian serpent (shapeshifter) (Depths:1)
  11 guardian serpents
  3 eyes of devastation
  2 eyes of devastation (shapeshifter)
  A hellion (Depths:3)
  4 orange demons
  19 vault sentinels
  24 spiny frogs
  5 torpor snails
  2 ice devils (Depths:2)
  12 komodo dragons
  7 kobold demonologists
  44 yaktaurs
  A human zombie (Vaults:5)
  A yaktaur zombie (Vaults:3)
  2 efreet
  A tormentor (Depths:2)
  A komodo dragon (shapeshifter) (Vaults:3)
  A human skeleton (Vaults:3)
  A hellwing (Depths:3)
  3 fire drakes
  5 trolls
  A merfolk (shapeshifter) (Depths:1)
  29 polar bears
  A queen bee (shapeshifter) (Vaults:2)
  3 tengu conjurers
  A wind drake (shapeshifter) (Vaults:4)
  7 freezing wraiths
  4 giant leeches
  29 blink frogs
  8 boulder beetles
  25 two-headed ogres
  A two-headed ogre (shapeshifter) (Vaults:1)
  A frost giant simulacrum (Vaults:5)
  A tengu simulacrum (Depths:2)
  A fire giant simulacrum (Vaults:2)
  2 raiju (Lair:8)
  118 slime creatures
  18 bog bodies
  9 spriggans
  5 air elementals
  A centaur simulacrum (D:15)
  16 redbacks
  A ynoxinul (Depths:2)
  6 water elementals
  2 spriggans (shapeshifter)
  A hog (Snake:4)
  4 shadows
  5 wraiths
  A tarantella (Depths:3)
  95 yaks
  Grum (D:11)
  Sigmund (D:5)
  Eustachio (D:5)
  7 basilisks
  A yak (shapeshifter) (D:12)
  An elf zombie (D:15)
  7 fire elementals
  17 golden eyes
  A chaos spawn (Depths:3)
  4 hungry ghosts
  2 fire bats (Depths:1)
  40 wolves
  11 hippogriffs
  30 vampire mosquitoes
  2 neqoxecs
  2 steam dragons (Lair:8)
  73 nagas
  5 mottled dragons
  18 wargs
  9 insubstantial wisps
  21 swamp worms
  20 water moccasins
  A deep troll zombie (Vaults:3)
  3 hell hounds (Lair:8)
  11 porcupines
  12 swamp drakes
  53 orc warriors
  4 ice beasts
  2 sky beasts
  9 eyes of draining
  13 black bears
  66 ogres
  A black bear (shapeshifter) (Vaults:2)
  11 wasps
  4 phantoms
  3 necrophages
  27 centaurs
  A boggart (Vaults:2)
  20 crocodiles
  16 big kobolds
  24 giant frogs
  An ogre simulacrum (Vaults:1)
  2 earth elementals (Elf:1)
  3 water moccasin zombies (Ossuary)
  A wyvern skeleton (D:13)
  3 scorpions
  A wight (D:11)
  6 killer bees
  2 electric eels
  9 crimson imps
  3 centaur zombies
  3 human simulacra
  5 giant frog zombies
  17 hounds
  23 jellies
  5 centaur skeletons
  5 quasits
  16 orc priests
  3 giant frog skeletons
  3 iron imps
  Ijyb (D:2)
  24 iguanas
  35 orc wizards
  A hell rat (D:9)
  11 worker ants
  A killer bee zombie (D:11)
  6 ogre zombies (D:12)
  28 sheep
  4 mummies
  3 gnolls (D:5)
  113 river rats
  18 adders
  8 shadow imps
  13 white imps
  3 giant eyeballs (Depths:4)
  2 ufetubi (Depths:3)
  2 adder zombies (Ossuary)
  3 worms
  2 ball lightnings
  9 giant geckos
  127 orcs
  4 giant cockroaches
  3 gnoll zombies (Ossuary)
  16 goblins
  16 hobgoblins
  18 jackals
  17 kobolds
  3 quokkas
  6 ball pythons
  12 bats
  A giant cockroach zombie (D:5)
  A giant gecko skeleton (D:4)
  8 giant newts
  5 goblin zombies
  2 hobgoblin skeletons (D:12)
  9 hobgoblin zombies
  A jackal skeleton (D:6)
  3 kobold zombies (Ossuary)
  16 orc zombies
  A quokka zombie (D:7)
  11 rats
  8 briar patches (Swamp:1)
  A bush (Swamp:4)
  2 butterflies (D:7)
  4 crawling corpses (Vaults:5)
  A fire vortex (Vaults:5)
  10 fungi
  14 plants
  A spectral weapon (Depths:2)
  2 withered plants (D:15)
3022 creatures vanquished.

Vanquished Creatures (collateral kills)
  A green draconian (Zot:3)
  A crystal guardian (Elf:3)
  A deep elf high priest (Elf:3)
  A death yak (Lair:7)
  A naga sharpshooter (Snake:4)
  A deep elf mage (Vaults:4)
  A centaur zombie (D:10)
  A naga mage (Snake:4)
  2 kobold demonologists (Vaults:3)
  A blink frog (Lair:3)
  2 yaks (D:10)
  A wolf (IceCv)
  A water moccasin (Lair:7)
  A sky beast (D:5)
  A phantom (D:12)
  2 ogres
  A crocodile (D:10)
  An orc priest (D:12)
  A gnoll (D:5)
  A white imp (Orc:2)
  A kobold (Vaults:3)
  A quokka skeleton (D:5)
25 creatures vanquished.

Vanquished Creatures (others)
  A fire giant (Vaults:5)
  A draconian knight (Depths:5)
  A vault warden (Vaults:2)
  A deep elf annihilator (Vaults:4)
  A yellow draconian (Zot:4)
  A deep elf high priest (Elf:3)
  An entropy weaver (Depths:1)
  2 ice dragons (Zot:2)
  7 dancing weapons
  A deep elf knight (Vaults:4)
  A wizard (Depths:4)
  3 deep elf magi
  A yaktaur (Depths:1)
  A naga (Snake:3)
  2 orc warriors
  2 ogres
  A wasp (Swamp:1)
  A centaur (Depths:3)
  An orc wizard (Vaults:1)
  An iron imp (Depths:3)
  An iguana (Lair:4)
  2 white imps (Orc:2)
  A giant eyeball (Depths:4)
  A ball lightning (Depths:2)
  3 orcs
  A bush (Lair:8)
  30 fungi
  32 plants
  21 toadstools
  3 withered plants (D:11)
126 creatures vanquished.

Grand Total: 3173 creatures vanquished

Notes
Turn   | Place    | Note
--------------------------------------------------------------
     0 | D:1      | namelastname112 the Draconian Chaos Knight began the quest for the Orb.
     0 | D:1      | Reached XP level 1. HP: 19/19 MP: 1/1
   114 | D:1      | Reached XP level 2. HP: 21/26 MP: 2/2
   128 | D:1      | XOM: potion effect (berserk rage)
   152 | D:1      | XOM: 2-stop teleportation journey
   431 | D:1      | XOM: smoke on damage
   663 | D:2      | XOM: vitrification
   664 | D:2      | Found a glowing golden altar of the Shining One.
   671 | D:2      | Found a shimmering altar of Xom.
   702 | D:2      | Reached XP level 3. HP: 29/33 MP: 3/3
   777 | D:2      | Found a sparkling altar of Nemelex Xobeh.
   887 | D:2      | Reached skill level 4 in Fighting
  1015 | D:2      | Reached XP level 4. HP: 23/40 MP: 4/4
  1129 | D:2      | Noticed Ijyb
  1158 | D:2      | Killed Ijyb
  1165 | D:2      | XOM: 1-stop teleportation journey
  1244 | D:2      | Found a deep blue altar of Sif Muna.
  1350 | D:2      | XOM: give mutations
  1350 | D:2      | Gained mutation: You have large cloven feet. [Xom's grace]
  1350 | D:2      | Gained mutation: You evolve. [Xom's grace]
  1350 | D:2      | Gained mutation: You have supernaturally acute eyesight. [Xom's grace]
  1409 | D:2      | XOM: give mutation
  1409 | D:2      | Gained mutation: Your muscles are strong. (Str +2) [Xom's grace]
  1493 | D:3      | Found a snail-covered altar of Cheibriados.
  1792 | D:3      | XOM: divination: detect items
  1846 | D:3      | Reached XP level 5. HP: 36/47 MP: 5/5
  1939 | D:3      | Found an opulent altar of Gozag.
  1941 | D:3      | Found Gozag's Platinum Reserve.
  2015 | D:3      | Found a blossoming altar of Fedhas.
  2055 | D:3      | XOM: give mutations
  2055 | D:3      | Gained mutation: Your flesh is cold resistant. [Xom's grace]
  2055 | D:3      | Gained mutation: You have sharp fingernails. [Xom's grace]
  2055 | D:3      | Gained mutation: You passively map a small area around you. [Xom's grace]
  2116 | D:3      | XOM: god gift: graven book {god gift}
  2117 | D:3      | Identified Xom's Almanac of Fixation (Xom gifted it to you on level 3 of the Dungeon)
  2479 | D:4      | Found Sorghyawi's Antique Weapon Shop.
  2494 | D:4      | Gained mutation: Your muscles are very strong. (Str +4) [evolution]
  2523 | D:4      | Reached skill level 5 in Axes
  2569 | D:4      | XOM: vitrification
  2719 | D:4      | Found a glowing drain.
  2742 | D:4      | Reached XP level 6. HP: 25/53 MP: 6/6
  2765 | D:4      | XOM: divination: detect creatures
  2774 | Sewer    | Entered a sewer
  2931 | Sewer    | XOM: give mutations
  2931 | Sewer    | Gained mutation: You are agile. (Dex +2) [Xom's grace]
  2931 | Sewer    | Gained mutation: You are robust (+10% HP). [Xom's grace]
  2931 | Sewer    | Gained mutation: Your mind is acute. (Int +2) [Xom's grace]
  3050 | Sewer    | XOM: give mutations
  3050 | Sewer    | Gained mutation: Your large and strong wings let you fly indefinitely. [Xom's grace]
  3050 | Sewer    | Gained mutation: You have a pair of small horns on your head. [Xom's grace]
  3050 | Sewer    | Gained mutation: You have a pair of horns on your head. [Xom's grace]
  3050 | Sewer    | Gained mutation: You are resistant to hostile enchantments. [Xom's grace]
  3064 | Sewer    | XOM: vitrification
  3128 | Sewer    | XOM: 3-stop teleportation journey
  3231 | D:4      | XOM: god gift: +0 mask of the Dragon {MR+ Slay+3 SInv}
  3606 | D:4      | Reached skill level 5 in Fighting
  3791 | D:5      | Entered Level 5 of the Dungeon
  3793 | D:5      | XOM: summons friendly iron imp
  3842 | D:5      | Reached XP level 7. HP: 65/67 MP: 7/7
  3842 | D:5      | Your scales start taking on a pale cyan-grey colour.
  3906 | D:5      | Reached skill level 6 in Axes
  3924 | D:5      | Found a shattered altar of Ashenzari.
  3935 | D:5      | Found an oddly glowing altar of Pakellas.
  3957 | D:5      | Noticed Eustachio
  3971 | D:5      | Killed Eustachio
  4114 | D:5      | XOM: mild Ice miscast
  4232 | D:5      | Noticed Sigmund
  4232 | D:5      | XOM: summons friendly quasit
  4257 | D:5      | XOM: chaos upgrade
  4264 | D:5      | Killed Sigmund
  4264 | D:5      | Reached skill level 7 in Axes
  4264 | D:5      | Reached XP level 8. HP: 62/77 MP: 8/8
  4328 | D:5      | Reached skill level 5 in Dodging
  4350 | D:5      | XOM: confusion (+ monsters)
  4384 | D:5      | Found an iron altar of Okawaru.
  4429 | D:5      | XOM: colour smoke trail
  4615 | D:6      | Found a sand-covered staircase.
  4621 | D:6      | Reached skill level 8 in Axes
  4624 | Ossuary  | Entered an ossuary
  4742 | Ossuary  | XOM: noise
  4915 | D:6      | Found a bloodstained altar of Trog.
  5101 | D:6      | Found Rep Nuph's Antique Weapon Shop.
  5104 | D:6      | Bought a shimmering hand axe for 240 gold pieces
  5104 | D:6      | Identified the cursed +1 hand axe of Upheaval {drain, +Fly} (You bought it in a shop on level 6 of the Dungeon)
  5380 | D:7      | Lost mutation: Your mind is acute. (Int +2) [evolution]
  5408 | D:7      | Found a white marble altar of Elyvilon.
  5539 | D:7      | Found a staircase to the Ecumenical Temple.
  5561 | D:7      | XOM: colour smoke trail
  5609 | D:7      | Reached XP level 9. HP: 86/86 MP: 9/9
  5610 | D:7      | Found an ancient bone altar of Kikubaaqudgha.
  5977 | D:7      | XOM: harmless Summ miscast
  5996 | D:7      | Reached skill level 9 in Axes
  6097 | D:8      | XOM: potion effect (might)
  6157 | D:8      | XOM: harmless Conj miscast
  6193 | D:8      | XOM: potion effect (berserk rage)
  6284 | D:8      | Noticed Trivium's ghost (novice DsFi)
  6296 | D:8      | XOM: potion effect (berserk rage)
  6306 | D:8      | Killed Trivium's ghost
  6306 | D:8      | Reached skill level 10 in Axes
  6359 | D:8      | XOM: harmless Air miscast
  6369 | D:8      | XOM: harmless Pois miscast
  6540 | D:8      | XOM: confuse monster(s)
  6543 | D:8      | Reached skill level 1 in Maces & Flails
  6982 | D:9      | Noticed Joseph
  6995 | D:9      | Reached XP level 10. HP: 69/99 MP: 10/10
  7000 | D:9      | Killed Joseph
  7180 | D:9      | Found a radiant altar of Vehumet.
  7180 | D:9      | Noticed Erolcha
  7193 | D:9      | Killed Erolcha
  7310 | D:9      | Gained mutation: You have a pair of large horns on your head. [evolution]
  7325 | D:9      | Reached skill level 5 in Maces & Flails
  7407 | D:9      | XOM: cast spell 'Cause Fear'
  7548 | D:9      | Noticed a death yak
  7550 | D:9      | Found a staircase to the Lair.
  7577 | D:9      | Killed a death yak
  7586 | D:9      | XOM: divination: detect items
  7590 | D:9      | XOM: enchant monster (bad)
  7765 | D:9      | XOM: harmless Fire miscast
  8047 | D:9      | Lost mutation: You are resistant to hostile enchantments. [evolution]
  8161 | D:10     | Entered Level 10 of the Dungeon
  8242 | D:9      | XOM: mild Pois miscast
  8402 | D:10     | XOM: chaos upgrade
  8414 | D:10     | XOM: blink monster(s)
  8428 | D:10     | Reached XP level 11. HP: 100/108 MP: 11/11
  8434 | D:10     | XOM: mild Summ miscast
  8588 | D:10     | XOM: give mutations
  8588 | D:10     | Lost mutation: You have a pair of large horns on your head. [Xom's mischief]
  8588 | D:10     | Lost mutation: Your muscles are very strong. (Str +4) [Xom's mischief]
  8588 | D:10     | Lost mutation: Your muscles are strong. (Str +2) [Xom's mischief]
  8601 | D:10     | Noticed an unseen horror
  8605 | D:10     | XOM: chaos upgrade
  8617 | D:10     | Killed an unseen horror
  8617 | D:10     | Reached skill level 10 in Fighting
  8810 | D:10     | XOM: harmless Pois miscast
  8816 | D:10     | XOM: smoke on damage
  8818 | D:10     | XOM: summons 5 friendly demons
  8859 | D:10     | Found a portal to a secret trove of treasure.
  8894 | D:10     | Noticed a hill giant
  8912 | D:10     | Killed a hill giant
  8987 | D:10     | Found a roughly hewn altar of Beogh.
  9008 | D:10     | XOM: swap monsters
  9263 | D:10     | XOM: scenery: 2 doors close
  9374 | D:10     | XOM: summons friendly iron imp
  9380 | D:10     | XOM: cast spell 'Summon Hydra'
  9479 | D:11     | Noticed a hill giant
  9493 | D:11     | Killed a hill giant
  9509 | D:11     | XOM: enchant monster (good)
  9546 | D:11     | Noticed a hill giant
  9575 | D:11     | Killed a hill giant
  9733 | D:11     | Noticed a seven-headed hydra
 10081 | D:11     | XOM: confuse monster(s)
 10137 | D:11     | Noticed a hill giant
 10155 | D:11     | XOM: butterfly on damage
 10156 | D:11     | Killed a hill giant
 10156 | D:11     | Reached skill level 11 in Fighting
 10156 | D:11     | Reached skill level 10 in Maces & Flails
 10244 | D:11     | XOM is BORED!
 10244 | D:11     | XOM: mild Pois miscast
 10260 | D:11     | Noticed Grum
 10277 | D:11     | Killed Grum
 10277 | D:11     | Reached XP level 12. HP: 68/121 MP: 12/12
 10649 | D:11     | XOM: enchant monster (good)
 10674 | D:11     | Killed a nine-headed hydra
 10754 | D:11     | XOM: scenery: 2 doors close
 10772 | D:11     | XOM: vitrification
 10859 | D:11     | XOM: god gift: 18 poisoned arrows
 10901 | D:11     | XOM: confuse monster(s)
 10902 | D:11     | XOM: swap monsters
 10910 | D:11     | XOM: swap monsters
 10914 | D:11     | XOM: god gift: scale mail {god gift}
 11303 | D:12     | XOM: enchant monster (good)
 11374 | D:12     | XOM: vitrification
 11398 | D:12     | XOM: potion effect (haste)
 11500 | D:12     | Found a staircase to the Orcish Mines.
 11510 | D:12     | XOM: summons 7 friendly demons
 11553 | D:12     | XOM: confuse monster(s)
 11727 | D:12     | Found Acour's Weapon Boutique.
 11759 | D:12     | Reached skill level 10 in Dodging
 11802 | D:12     | XOM: confuse monster(s)
 11803 | D:12     | XOM: confuse monster(s)
 12143 | D:12     | XOM: divination: detect creatures
 12277 | D:12     | XOM: polymorph orc -> adder
 12409 | Orc:1    | Entered Level 1 of the Orcish Mines
 12471 | Orc:1    | Found a flagged portal.
 12474 | Orc:1    | XOM: polymorph orc knight -> mana viper
 12479 | Bailey   | Entered a bailey
 12493 | Bailey   | Gained mutation: You have an increased reservoir of magic (+10% MP). [evolution]
 12649 | Bailey   | XOM: god gift: beef jerky
 12744 | Bailey   | Reached skill level 12 in Fighting
 13242 | Bailey   | XOM: divination: detect items
 13503 | Orc:1    | XOM: swap monsters
 13639 | Orc:1    | XOM is BORED!
 13639 | Orc:1    | XOM: give mutations
 13639 | Orc:1    | Lost mutation: You are robust (+10% HP). [Xom's mischief]
 13639 | Orc:1    | Lost mutation: Your large and strong wings let you fly indefinitely. [Xom's mischief]
 13868 | Orc:2    | Entered Level 2 of the Orcish Mines
 13873 | Orc:2    | XOM: fog
 13914 | Orc:2    | Found a staircase to the Elven Halls.
 14038 | Orc:2    | Found a roughly hewn altar of Beogh.
 14049 | Orc:2    | Found a frozen archway.
 14050 | Orc:2    | Noticed Nessos
 14071 | Orc:2    | Reached XP level 13. HP: 71/118 MP: 14/14
 14072 | Orc:2    | XOM: potion effect (haste)
 14083 | Orc:2    | Killed Nessos
 14107 | IceCv    | Entered an ice cave
 14351 | IceCv    | XOM: silly message
 14353 | IceCv    | XOM: divination: detect creatures
 14357 | IceCv    | XOM: summons 5 friendly demons
 14382 | IceCv    | XOM: confuse monster(s)
 14633 | IceCv    | XOM: medium Erth miscast
 14670 | IceCv    | XOM: noise
 14897 | IceCv    | XOM: confuse monster(s)
 14899 | IceCv    | XOM: 1-stop teleportation journey
 14936 | IceCv    | XOM: potion effect (might)
 14943 | IceCv    | XOM: harmless Summ miscast
 15007 | IceCv    | XOM: harmless Erth miscast
 15056 | IceCv    | XOM: god gift: hardcover book {god gift}
 15134 | IceCv    | XOM: 3-stop teleportation journey
 15167 | IceCv    | Reached skill level 13 in Maces & Flails
 15334 | IceCv    | XOM: polymorph yak -> polar bear
 15362 | IceCv    | XOM: enchant monster (good)
 15368 | IceCv    | XOM: potion effect (haste)
 15389 | IceCv    | XOM: enchant monster (good)
 15394 | IceCv    | XOM: summons 2 friendly demons
 15440 | IceCv    | XOM: silly message
 15471 | IceCv    | XOM: mild Pois miscast
 15642 | IceCv    | XOM: god gift: bread ration
 15676 | IceCv    | Noticed a frost giant
 15700 | IceCv    | Killed a frost giant
 15815 | IceCv    | XOM: mild Summ miscast
 16050 | Orc:2    | XOM: silly message
 16225 | Orc:2    | Found Ihaupnup's Book Boutique.
 16270 | Orc:2    | XOM: cast spell 'Statue Form'
 16272 | Orc:2    | XOM: cast spell 'Chain of Chaos'
 16302 | Orc:2    | XOM: god gift: 9 stones
 16338 | Orc:2    | Found Doekluo's Assorted Antiques.
 16375 | Orc:2    | Found Vowky's Magic Scroll Boutique.
 16391 | Orc:2    | XOM: god gift: 820 gold pieces
 16393 | Orc:2    | Found an ancient bone altar of Kikubaaqudgha.
 16393 | Orc:2    | Found Jolapn's Antique Weapon Shop.
 16393 | Orc:2    | XOM: 3-stop teleportation journey
 16672 | D:6      | Bought the +7 great mace "Firestarter" {inner flame, rF++} for 2136 gold pieces
 16747 | D:8      | XOM: summons 6 hostile demons
 16882 | Lair:1   | Entered Level 1 of the Lair of Beasts
 16940 | Lair:1   | XOM: torment (56/122 hp)
 17256 | Lair:1   | XOM: summons 6 hostile demons
 17936 | Lair:1   | Reached skill level 14 in Maces & Flails
 18133 | Lair:2   | XOM: 1-stop teleportation journey
 18299 | Lair:2   | XOM: blink monster(s)
 18325 | Lair:2   | Reached XP level 14. HP: 60/129 MP: 15/15
 18606 | Lair:2   | XOM is BORED!
 18606 | Lair:2   | XOM: give mutation
 18606 | Lair:2   | Lost mutation: You have an increased reservoir of magic (+10% MP). [Xom's mischief]
 18684 | Lair:2   | XOM: harmless Conj miscast
 18756 | Lair:2   | XOM: noise
 18814 | Lair:2   | Found a blossoming altar of Fedhas.
 18912 | Lair:2   | XOM: enchant monster (bad)
 19314 | Lair:3   | Identified a scroll of acquirement
 19434 | Lair:3   | XOM: harmless Ice miscast
 19695 | Lair:3   | XOM: colour smoke trail
 19887 | Lair:3   | XOM: mild Summ miscast
 19966 | Lair:3   | XOM: give mutations
 19966 | Lair:3   | Gained mutation: Your spells are a little easier to cast, but a little less powerful. [Xom's mischief]
 19966 | Lair:3   | Lost mutation: Your spells are a little easier to cast, but a little less powerful. [Xom's mischief]
 20035 | Lair:3   | XOM: cast spell 'Summon Dragon'
 20086 | Lair:2   | XOM: give mutations
 20086 | Lair:2   | Gained mutation: You possess an exceptional clarity of mind. [Xom's mischief]
 20086 | Lair:2   | Gained mutation: You are weak. (Str -2) [Xom's mischief]
 20086 | Lair:2   | Lost mutation: You possess an exceptional clarity of mind. [Xom's mischief]
 20458 | Lair:3   | Noticed M4edhros's ghost (journeyman OpAr)
 20465 | Lair:3   | XOM: harmless Hex miscast
 20470 | Lair:3   | Killed M4edhros's ghost
 20687 | Lair:3   | Found a staircase to the Snake Pit.
 20964 | Lair:4   | XOM: swap monsters
 20967 | Lair:4   | XOM: destruction
 20976 | Lair:4   | XOM: divination: magic mapping
 21004 | Lair:4   | XOM: vitrification
 21365 | Lair:4   | XOM: swap monsters
 21381 | Lair:4   | XOM: fog
 21404 | Lair:4   | XOM: 4-stop teleportation journey
 21441 | Lair:4   | XOM: vitrification
 21501 | Lair:4   | XOM: divination: detect creatures
 21531 | Lair:4   | XOM: god gift: silver ring {god gift}
 21532 | Lair:4   | XOM: god gift: 4 meat rations
 21683 | Lair:4   | XOM: 3-stop teleportation journey
 21696 | Lair:4   | XOM: 2-stop teleportation journey
 21956 | Lair:5   | XOM: god gift: potion of agility
 22048 | Lair:4   | XOM: god gift: worn lead wand {god gift}
 22104 | Lair:4   | XOM: vitrification
 22197 | Lair:5   | Reached skill level 15 in Maces & Flails
 22228 | Lair:5   | Found a snail-covered altar of Cheibriados.
 22228 | Lair:5   | XOM: 7-stop teleportation journey
 22731 | Lair:5   | XOM: polymorph torpor snail -> elephant
 22929 | Lair:5   | XOM: divination: detect creatures
 23158 | Lair:5   | XOM: summons friendly iron imp
 23256 | Lair:5   | XOM: polymorph iron imp -> crimson imp
 23680 | Lair:5   | XOM: give mutations
 23680 | Lair:5   | Gained mutation: You rapidly evolve. [Xom's grace]
 23680 | Lair:5   | Gained mutation: You are covered in fur (AC +1). [Xom's grace]
 24021 | Lair:5   | XOM: mild Chrm miscast
 24134 | Lair:6   | XOM: stealth player
 24146 | Lair:6   | XOM: divination: detect items
 24157 | Lair:6   | XOM: harmless Pois miscast
 24204 | Lair:6   | XOM: mild Erth miscast
 24313 | Lair:6   | XOM: smoke on damage
 24387 | Lair:6   | XOM is BORED!
 24387 | Lair:6   | XOM: medium Divn miscast
 24466 | Lair:6   | Found a staircase to the Swamp.
 24759 | Lair:6   | Found a staircase to the Slime Pits.
 25240 | Lair:7   | XOM: enchant monster (good)
 25248 | Lair:7   | XOM: divination: detect creatures
 25274 | Lair:6   | XOM: scenery: 1 doors open
 25610 | Lair:7   | XOM: cast spell 'Ice Form'
 25616 | Lair:7   | XOM: divination: detect creatures
 25617 | Lair:7   | XOM: chaos cloud
 25627 | Lair:7   | XOM: medium Summ miscast
 25637 | Lair:7   | XOM: noise
 25653 | Lair:7   | XOM: enchant monster (good)
 25654 | Lair:7   | XOM: cast spell 'Cause Fear'
 25668 | Lair:7   | XOM: noise
 25673 | Lair:7   | Reached XP level 15. HP: 108/139 MP: 12/15
 25677 | Lair:7   | XOM: cast spell 'Summon Ice Beast'
 25716 | Lair:7   | Noticed a fire giant
 25716 | Lair:7   | a death yak changed into a fire giant
 25716 | Lair:7   | XOM: polymorph death yak -> fire giant
 25960 | Lair:6   | XOM: harmless Fire miscast
 26003 | Lair:7   | XOM: 1-stop teleportation journey
 26006 | Lair:7   | XOM: give mutation
 26006 | Lair:7   | Lost mutation: You have sharp fingernails. [Xom's mischief]
 26009 | Lair:7   | XOM: destruction
 26017 | Lair:7   | Killed a fire giant
 26017 | Lair:7   | Reached skill level 16 in Maces & Flails
 26083 | Lair:7   | XOM: noise
 26085 | Lair:7   | XOM: summons 5 hostile shadow creatures
 26117 | Lair:7   | XOM: severe Air miscast
 26539 | Lair:7   | XOM: blink monster(s)
 26870 | Lair:7   | XOM: confusion (+ monsters)
 26881 | Lair:7   | XOM: polymorph elephant -> swamp worm
 26941 | Lair:7   | XOM: noise
 27133 | Lair:8   | Entered Level 8 of the Lair of Beasts
 27344 | Lair:8   | XOM: cast spell 'Metabolic Englaciation'
 27348 | Lair:8   | Reached skill level 15 in Fighting
 27385 | Lair:8   | Noticed Maud
 27478 | Lair:8   | XOM: mild Air miscast
 27709 | Lair:8   | XOM: give mutations
 27709 | Lair:8   | Lost mutation: You have a pair of horns on your head. [Xom's mischief]
 27709 | Lair:8   | Lost mutation: You are weak. (Str -2) [Xom's mischief]
 28015 | Lair:8   | XOM: medium Tloc miscast
 28082 | Lair:8   | XOM: 1-stop teleportation journey
 28171 | Lair:8   | XOM: blink monster(s)
 28174 | Lair:8   | XOM: harmless Fire miscast
 28178 | Lair:8   | XOM: harmless Pois miscast
 28360 | Lair:8   | XOM: harmless Erth miscast
 28672 | Lair:8   | Found a blossoming altar of Fedhas.
 28712 | Lair:8   | XOM: potion effect (brilliance)
 28734 | Lair:8   | XOM: snakes to sticks
 28868 | Lair:8   | XOM: divination: detect items
 28874 | Lair:8   | XOM: confuse monster(s)
 29014 | Lair:8   | XOM: medium Air miscast
 29148 | Lair:8   | XOM: noise
 29201 | Lair:8   | XOM: colour smoke trail
 29326 | Lair:8   | Reached skill level 17 in Maces & Flails
 29336 | Lair:8   | XOM: confusion
 29340 | Lair:8   | XOM: swap monsters
 29405 | Lair:8   | XOM: 2-stop teleportation journey
 29433 | Lair:8   | XOM: summons friendly ufetubus
 29437 | Lair:8   | XOM: summons 8 friendly demons
 29690 | Lair:8   | XOM: cast spell 'Cause Fear'
 29696 | Lair:8   | XOM: god gift: 51 gold pieces
 29699 | Lair:8   | XOM: cast spell 'Hydra Form'
 29833 | Lair:8   | XOM: vitrification
 29877 | Lair:6   | XOM: snakes to sticks
 30011 | Lair:6   | Lost mutation: You have large cloven feet. [evolution]
 30121 | Lair:6   | XOM: give mutations
 30121 | Lair:6   | Gained mutation: You are dopey. (Int -2) [Xom's mischief]
 30121 | Lair:6   | Lost mutation: You are dopey. (Int -2) [Xom's mischief]
 30246 | Lair:6   | XOM: god gift: 3 meat rations
 30621 | Orc:2    | XOM: give mutations
 30621 | Orc:2    | Gained mutation: Your spells are a little harder to cast, but a little more powerful. [Xom's grace]
 30621 | Orc:2    | Gained mutation: Your flesh is heat resistant. [Xom's grace]
 30621 | Orc:2    | Gained mutation: You are resistant to hostile enchantments. [Xom's grace]
 30621 | Orc:2    | Gained mutation: Your natural rate of healing is unusually fast. [Xom's grace]
 30785 | Orc:2    | Found Hyurph's Magic Scroll Boutique.
 30801 | Orc:2    | Found Bucw's Antique Weapon Shop.
 30805 | Orc:2    | XOM: enchant monster (good)
 30924 | Orc:2    | Found a radiant altar of Vehumet.
 30936 | Orc:2    | Reached XP level 16. HP: 143/149 MP: 14/16
 30950 | Orc:2    | Noticed Nergalle
 30950 | Orc:2    | XOM: destruction
 30961 | Orc:2    | Killed Nergalle
 30981 | Orc:2    | Found a roughly hewn altar of Beogh.
 30981 | Orc:2    | Found Cogarch's Book Boutique.
 30993 | Orc:2    | Bought a book of Enchantments for 700 gold pieces
 31202 | Orc:2    | XOM: 2-stop teleportation journey
 31204 | Orc:2    | Learned a level 6 spell: Haste
 31211 | Orc:2    | Learned a level 6 spell: Deflect Missiles
 31407 | D:13     | Reached skill level 1 in Charms
 31407 | D:13     | Reached skill level 1 in Air Magic
 31483 | D:13     | XOM: summons 2 hostile demons
 31517 | D:13     | Noticed Rupert
 31525 | D:13     | Killed Rupert
 31525 | D:13     | Reached skill level 1 in Spellcasting
 31832 | D:13     | Found a gate to the Vaults.
 31845 | D:13     | XOM: harmless Divn miscast
 31950 | D:13     | Noticed Frances
 31965 | D:13     | Killed Frances
 32273 | D:13     | XOM: cast spell 'Spider Form'
 32726 | D:13     | XOM: harmless Air miscast
 32871 | D:14     | Reached skill level 1 in Evocations
 32899 | D:14     | XOM: god gift: metallic blue potion
 33248 | D:14     | XOM: fog
 33252 | D:14     | XOM: swap monsters
 33375 | D:14     | XOM: give mutations
 33375 | D:14     | Gained mutation: You have a pair of horns on your head. [Xom's grace]
 33375 | D:14     | Gained mutation: Your mind is acute. (Int +2) [Xom's grace]
 33375 | D:14     | Gained mutation: Your tail ends in a poisonous barb. [Xom's grace]
 33375 | D:14     | Gained mutation: Your tail ends in a sharp poisonous barb. [Xom's grace]
 33628 | D:15     | Entered Level 15 of the Dungeon
 33646 | D:15     | XOM: fake destruction
 33647 | D:15     | XOM: cast spell 'Confusing Touch'
 33882 | D:15     | XOM: smoke on damage
 34034 | D:15     | Reached skill level 5 in Air Magic
 34112 | D:15     | Found a staircase to the Depths.
 34156 | D:15     | XOM: mild Necr miscast
 34299 | D:15     | XOM: mild Air miscast
 34437 | D:15     | XOM: mild Conj miscast
 34556 | D:15     | XOM: 6-stop teleportation journey
 34672 | D:15     | Found a white marble altar of Elyvilon.
 34688 | D:15     | XOM: summons 3 hostile shadow creatures
 34721 | D:15     | XOM: stat loss: -1 Dex (16/17)
 34929 | Snake:1  | Entered Level 1 of the Snake Pit
 34965 | Snake:1  | XOM: summons 3 hostile shadow creatures
 35010 | Snake:1  | XOM: 4-stop teleportation journey
 35463 | Snake:1  | Noticed Aizul
 35478 | Snake:1  | Killed Aizul
 35653 | Snake:1  | XOM: snakes to sticks
 35676 | Snake:1  | XOM: divination: detect items
 35708 | Snake:1  | XOM: vitrification
 36211 | Snake:1  | XOM: summons 6 hostile demons
 36702 | Snake:1  | Reached skill level 5 in Spellcasting
 36876 | Snake:1  | XOM: fog
 36896 | Snake:1  | Reached skill level 5 in Evocations
 36999 | Snake:1  | XOM: give mutations
 36999 | Snake:1  | Gained mutation: You possess an exceptional clarity of mind. [Xom's grace]
 36999 | Snake:1  | Lost mutation: You rapidly evolve. [Xom's grace]
 36999 | Snake:1  | Lost mutation: You evolve. [Xom's grace]
 36999 | Snake:1  | Gained mutation: You are somewhat resistant to further mutation. [Xom's grace]
 36999 | Snake:1  | Gained mutation: You are highly resistant to hostile enchantments. [Xom's grace]
 36999 | Snake:1  | Gained mutation: Your spells are harder to cast, but more powerful. [Xom's grace]
 37207 | Snake:1  | Reached skill level 5 in Charms
 37216 | Snake:1  | XOM: summons friendly ufetubus
 37217 | Snake:1  | XOM: polymorph naga warrior -> manticore
 37482 | Snake:2  | XOM: summons 4 friendly demons
 37699 | Snake:2  | XOM: polymorph naga -> centaur
 37700 | Snake:2  | XOM: blink monster(s)
 37891 | Snake:2  | XOM: chaos upgrade
 38095 | Snake:2  | XOM: enchant monster (bad)
 38096 | Snake:2  | XOM: polymorph anaconda -> minotaur
 38097 | Snake:2  | Reached XP level 17. HP: 135/157 MP: 20/25
 38117 | Snake:2  | XOM: polymorph naga warrior -> hill giant
 38231 | Snake:2  | XOM is BORED!
 38231 | Snake:2  | XOM: mild Air miscast
 38256 | Snake:2  | XOM: vitrification
 38261 | Snake:2  | XOM: mild Air miscast
 38478 | Snake:2  | XOM: 1-stop teleportation journey
 38633 | Snake:2  | XOM: silly message
 38707 | Snake:2  | Found a shimmering altar of Xom.
 38765 | Snake:2  | XOM: noise
 38770 | Snake:2  | XOM: mild Ice miscast
 38948 | Snake:2  | XOM: give mutations
 38948 | Snake:2  | Lost mutation: You are somewhat resistant to further mutation. [Xom's mischief]
 38948 | Snake:2  | Lost mutation: Your mind is acute. (Int +2) [Xom's mischief]
 39076 | Snake:2  | XOM: potion effect (curing)
 39077 | Snake:2  | XOM: summons friendly iron imp
 39088 | Snake:2  | XOM: divination: detect items
 39315 | Snake:2  | XOM: enchant monster (good)
 39485 | Snake:2  | XOM: confuse monster(s)
 39582 | Snake:2  | XOM: silly message
 39689 | Snake:2  | XOM: blink monster(s)
 39790 | Snake:2  | XOM: scenery: 2 doors open, 1 doors close
 40007 | Snake:3  | XOM: harmless Summ miscast
 40032 | Snake:3  | XOM: noise
 40440 | Snake:3  | XOM: noise
 40454 | Snake:3  | XOM: 2-stop teleportation journey
 40790 | Snake:3  | Noticed 4thArraOfDagon's ghost (adept OgHu)
 40806 | Snake:3  | XOM: confuse monster(s)
 40817 | Snake:3  | XOM: divination: detect creatures
 40831 | Snake:3  | XOM: vitrification
 40834 | Snake:3  | Killed 4thArraOfDagon's ghost
 40896 | Snake:3  | XOM: fog
 40931 | Snake:3  | XOM: god gift: 7 meat rations
 41045 | Snake:3  | XOM: stat loss: -1 Dex (16/17)
 41084 | Snake:3  | XOM: god gift: glowing buckler {god gift}
 41120 | Snake:3  | XOM: enchant monster (bad)
 41156 | Snake:3  | XOM: summons 2 hostile demons
 41218 | Snake:4  | Entered Level 4 of the Snake Pit
 41368 | Snake:4  | XOM: 1-stop teleportation journey
 41383 | Snake:4  | XOM: enchant monster (bad)
 41425 | Snake:4  | XOM: mild Ice miscast
 41464 | Snake:4  | XOM: give mutations
 41464 | Snake:4  | Lost mutation: You are agile. (Dex +2) [Xom's mischief]
 41464 | Snake:4  | Lost mutation: Your flesh is cold resistant. [Xom's mischief]
 41464 | Snake:4  | Lost mutation: You are highly resistant to hostile enchantments. [Xom's mischief]
 41670 | Snake:4  | XOM: chaos upgrade
 41753 | Snake:4  | XOM: give mutations
 41753 | Snake:4  | Lost mutation: You have a pair of horns on your head. [Xom's mischief]
 41753 | Snake:4  | Gained mutation: Your body sometimes deteriorates upon taking damage. [Xom's mischief]
 42033 | Snake:4  | XOM: polymorph naga -> two-headed ogre
 42173 | Snake:4  | XOM: colour smoke trail
 42255 | Snake:4  | XOM: enchant monster (bad)
 42458 | Snake:4  | XOM: give mutation
 42458 | Snake:4  | Lost mutation: You possess an exceptional clarity of mind. [Xom's mischief]
 42559 | Snake:4  | XOM: chaos upgrade
 42847 | Snake:4  | XOM: give mutations
 42847 | Snake:4  | Lost mutation: Your spells are harder to cast, but more powerful. [Xom's mischief]
 42847 | Snake:4  | Gained mutation: You occasionally shout uncontrollably at your foes. [Xom's mischief]
 42847 | Snake:4  | Lost mutation: You have a pair of small horns on your head. [Xom's mischief]
 42887 | Snake:4  | XOM: destruction
 43092 | Snake:4  | XOM: summons 2 hostile shadow creatures
 43468 | Snake:3  | XOM: potion effect (magic)
 43471 | Snake:3  | XOM: summons friendly crimson imp
 43710 | Snake:3  | XOM: summons friendly shadow imp
 43713 | Snake:3  | Reached XP level 18. HP: 138/166 MP: 24/30
 43777 | Snake:3  | XOM: mild Chrm miscast
 43899 | Snake:4  | XOM: summons 9 friendly demons
 43907 | Snake:4  | Reached skill level 10 in Air Magic
 43907 | Snake:4  | XOM: summons friendly sixfirhy
 44070 | Snake:4  | XOM: destruction
 44075 | Snake:4  | XOM: 1-stop teleportation journey
 44141 | Snake:4  | XOM: give mutations
 44141 | Snake:4  | Gained mutation: Your spells are harder to cast, but more powerful. [Xom's grace]
 44141 | Snake:4  | Gained mutation: Your flesh is cold resistant. [Xom's grace]
 44141 | Snake:4  | Gained mutation: Your tail ends in a wickedly sharp and poisonous barb. [Xom's grace]
 44141 | Snake:4  | Gained mutation: You possess an exceptional clarity of mind. [Xom's grace]
 44394 | Snake:4  | XOM: polymorph naga mage -> hog
 44416 | Snake:4  | XOM: cast spell 'Summon Small Mammal'
 44778 | Snake:4  | XOM is BORED!
 44778 | Snake:4  | XOM: noise
 44975 | Snake:4  | XOM: vitrification
 45012 | Snake:4  | XOM: swap monsters
 45090 | Snake:4  | XOM: colour smoke trail
 45242 | Snake:4  | XOM: cast spell 'Death Channel'
 45566 | Snake:4  | XOM: harmless Chrm miscast
 45600 | Snake:4  | XOM: summons friendly iron imp
 45750 | Snake:3  | XOM: give mutations
 45750 | Snake:3  | Gained mutation: Your flesh is very heat resistant. [Xom's grace]
 45750 | Snake:3  | Gained mutation: You are robust (+10% HP). [Xom's grace]
 45750 | Snake:3  | Gained mutation: Your large and strong wings let you fly indefinitely. [Xom's grace]
 45858 | Snake:3  | XOM: vitrification
 45954 | Snake:4  | XOM: summons friendly ice devil
 45994 | Snake:4  | XOM: god gift: fan of gales
 46094 | Snake:4  | XOM: polymorph naga ritualist -> spriggan
 46128 | Snake:4  | XOM: potion effect (haste)
 46178 | Snake:4  | Got a serpentine rune of Zot
 46481 | Snake:4  | XOM is BORED!
 46481 | Snake:4  | XOM: mild Erth miscast
 46540 | Snake:4  | XOM: harmless Hex miscast
 46892 | Lair:1   | Learned a level 5 spell: Silence
 47002 | Orc:2    | XOM: silly message
 47009 | Elf:1    | Entered Level 1 of the Elven Halls
 47030 | Elf:1    | XOM: cast spell 'Summon Butterflies'
 47033 | Elf:1    | XOM: divination: detect creatures
 47042 | Elf:1    | Found a radiant altar of Vehumet.
 47055 | Elf:1    | XOM: polymorph hell rat -> worker ant
 47063 | Elf:1    | XOM: confuse monster(s)
 47068 | Elf:1    | XOM: divination: magic mapping
 47196 | Orc:2    | XOM: give mutation
 47196 | Orc:2    | Gained mutation: You have large cloven feet. [Xom's grace]
 47198 | Orc:2    | Bought a book of Necromancy for 390 gold pieces
 47202 | Orc:2    | Learned a level 3 spell: Regeneration
 47556 | Elf:1    | XOM: confuse monster(s)
 47559 | Elf:1    | XOM: potion effect (curing)
 47589 | Elf:1    | Reached skill level 10 in Evocations
 47887 | Elf:1    | XOM: give mutations
 47887 | Elf:1    | Gained mutation: Your spells are much harder to cast, but much more powerful. [Xom's grace]
 47887 | Elf:1    | Gained mutation: You have very sharp teeth. [Xom's grace]
 47887 | Elf:1    | Gained mutation: Your muscles are strong. (Str +2) [Xom's grace]
 47887 | Elf:1    | Gained mutation: Your system is resistant to poisons. [Xom's grace]
 48133 | Elf:1    | XOM: give mutation
 48133 | Elf:1    | Gained mutation: You evolve. [Xom's grace]
 48143 | Elf:1    | XOM: summons friendly ufetubus
 48367 | Elf:1    | XOM is BORED!
 48367 | Elf:1    | XOM: stat loss: -2 Dex (14/16)
 48403 | Elf:1    | XOM: god gift: scroll of enchant armour
 48659 | D:11     | XOM: god gift: potion of flight
 48883 | Lair:4   | XOM: give mutations
 48883 | Lair:4   | Gained mutation: You have sharp fingernails. [Xom's grace]
 48883 | Lair:4   | Gained mutation: You are highly resistant to hostile enchantments. [Xom's grace]
 48883 | Lair:4   | Gained mutation: You are agile. (Dex +2) [Xom's grace]
 49078 | Lair:8   | Killed Maud
 49282 | Swamp:1  | Entered Level 1 of the Swamp
 49296 | Swamp:1  | XOM: noise
 49585 | Swamp:1  | XOM: medium Ice miscast
 49601 | Swamp:1  | XOM: 2-stop teleportation journey
 49725 | Swamp:1  | XOM: vitrification
 49872 | Swamp:1  | XOM: summons 6 friendly demons
 49964 | Swamp:1  | XOM: god gift: brightly glowing leather armour {god gift}
 49967 | Swamp:1  | Got a brightly glowing leather armour {god gift}
 49968 | Swamp:1  | Identified the cursed +0 leather armour of Moblox {rElec rPois Dex-5 Stlth+} (Xom gifted it to you on level 1 of the Swamp)
 50047 | Swamp:1  | XOM: give mutations
 50047 | Swamp:1  | Gained mutation: Your skin changes colour to match your surroundings (Stealth). [Xom's grace]
 50047 | Swamp:1  | Gained mutation: You heal very quickly. [Xom's grace]
 50047 | Swamp:1  | Gained mutation: You rapidly evolve. [Xom's grace]
 50047 | Swamp:1  | Gained mutation: You have an increased reservoir of magic (+10% MP). [Xom's grace]
 50108 | Swamp:1  | XOM: harmless Necr miscast
 50198 | Swamp:1  | XOM: colour smoke trail
 50211 | Swamp:1  | Lost mutation: You occasionally shout uncontrollably at your foes. [evolution]
 50297 | Swamp:2  | Noticed Louise
 50313 | Swamp:2  | XOM: 1-stop teleportation journey
 50627 | Swamp:2  | Killed Louise
 50627 | Swamp:2  | XOM: blink monster(s)
 50634 | Swamp:2  | XOM: noise
 50638 | Swamp:2  | Reached skill level 10 in Charms
 50639 | Swamp:2  | Reached XP level 19. HP: 121/189 MP: 23/35
 51234 | Swamp:3  | XOM: chaos upgrade
 51235 | Swamp:3  | XOM: mild Summ miscast
 51411 | Swamp:3  | XOM: divination: detect creatures
 51421 | Swamp:3  | Noticed Nikola
 51421 | Swamp:3  | XOM: summons friendly crimson imp
 51432 | Swamp:3  | Killed Nikola
 51659 | Swamp:3  | XOM: confuse monster(s)
 51858 | Swamp:3  | Noticed Mara
 51860 | Swamp:3  | Noticed namelastname112's illusion
 51881 | Swamp:3  | XOM: harmless Conj miscast
 51883 | Swamp:3  | XOM: enchant monster (bad)
 51929 | Swamp:3  | XOM: summons friendly crimson imp
 52155 | Swamp:3  | XOM: confuse monster(s)
 52158 | Swamp:3  | XOM: enchant monster (bad)
 52168 | Swamp:3  | Noticed namelastname112's illusion
 52171 | Swamp:3  | Killed Mara
 52266 | Swamp:3  | XOM: god gift: conspicuous book {god gift}
 52272 | Swamp:3  | Identified Xom's Compendium of Weirdness (Xom gifted it to you on level 3 of the Swamp)
 52334 | Swamp:3  | XOM: divination: detect creatures
 52398 | Swamp:3  | XOM: confuse monster(s)
 52418 | Swamp:3  | XOM: enchant monster (good)
 52486 | Swamp:4  | Entered Level 4 of the Swamp
 52580 | Swamp:4  | XOM: summons 14 friendly demons
 52583 | Swamp:4  | XOM: 2-stop teleportation journey
 52618 | Swamp:4  | XOM: medium Hex miscast
 52891 | Swamp:3  | XOM: harmless Tloc miscast
 52968 | Swamp:4  | XOM: mild Necr miscast
 53051 | Swamp:4  | XOM: medium Erth miscast
 53076 | Swamp:4  | Noticed the 27-headed Lernaean hydra
 53176 | Swamp:4  | XOM: harmless Air miscast
 53199 | Swamp:4  | XOM: 1-stop teleportation journey
 53217 | Swamp:4  | XOM: mild Conj miscast
 53256 | Swamp:4  | Killed the 27-headed Lernaean hydra
 53256 | Swamp:4  | Reached skill level 10 in Spellcasting
 53270 | Swamp:4  | Got a decaying rune of Zot
 53601 | Swamp:4  | XOM: colour smoke trail
 53784 | Swamp:3  | XOM: cast spell 'Summon Small Mammal'
 53785 | Swamp:3  | XOM: stat loss: -1 Dex (17/18)
 53923 | Lair:1   | XOM: 3-stop teleportation journey
 54005 | Lair:1   | XOM: harmless Fire miscast
 54041 | Lair:1   | XOM: give mutations
 54041 | Lair:1   | Lost mutation: You are robust (+10% HP). [Xom's mischief]
 54041 | Lair:1   | Lost mutation: You have supernaturally acute eyesight. [Xom's mischief]
 54041 | Lair:1   | Lost mutation: Your skin changes colour to match your surroundings (Stealth). [Xom's mischief]
 54041 | Lair:1   | Lost mutation: Your spells are much harder to cast, but much more powerful. [Xom's mischief]
 54222 | Lair:1   | XOM: smoke on damage
 54305 | Lair:1   | XOM: colour smoke trail
 54382 | Snake:1  | XOM: stat loss: -1 Dex (16/18)
 54460 | Snake:1  | XOM: torment (109/172 hp)
 54659 | Vaults:1 | Entered Level 1 of the Vaults
 54665 | Vaults:1 | XOM: chaos cloud
 54666 | Vaults:1 | Paralysed by you for 5 turns
 54687 | Vaults:1 | XOM: 2-stop teleportation journey
 54691 | Vaults:1 | XOM: enchant monster (bad)
 54734 | Vaults:1 | XOM: god gift: 45 gold pieces
 54925 | Vaults:1 | XOM: harmless Trmt miscast
 54928 | Vaults:1 | Reached skill level 1 in Shields
 55074 | Vaults:1 | XOM: 1-stop teleportation journey
 55226 | Vaults:1 | Got a crude glass ring
 55396 | Vaults:1 | XOM: give mutations
 55396 | Vaults:1 | Lost mutation: You are agile. (Dex +2) [Xom's mischief]
 55396 | Vaults:1 | Lost mutation: You passively map a small area around you. [Xom's mischief]
 55396 | Vaults:1 | Lost mutation: You are covered in fur (AC +1). [Xom's mischief]
 55475 | Vaults:1 | XOM: fog
 55699 | Vaults:1 | XOM: noise
 55820 | Vaults:1 | XOM: chaos upgrade
 55829 | Vaults:1 | XOM: blink monster(s)
 55935 | Vaults:1 | XOM: cast spell 'Olgreb's Toxic Radiance'
 56031 | Vaults:1 | XOM: chaos upgrade
 56043 | Vaults:1 | XOM: enchant monster (bad)
 56064 | Vaults:1 | XOM: summons 4 hostile demons
 56537 | Vaults:2 | Found Lupt's Food Emporium.
 56538 | Vaults:2 | Noticed Frederick
 56543 | Vaults:2 | XOM: fog
 56782 | Vaults:2 | XOM: divination: detect items
 56799 | Vaults:2 | XOM: harmless Conj miscast
 56804 | Vaults:2 | Killed Frederick
 56804 | Vaults:2 | Reached XP level 20. HP: 100/180 MP: 16/37
 56942 | Vaults:2 | XOM: harmless Summ miscast
 57115 | Vaults:2 | XOM: harmless Trmt miscast
 57118 | Vaults:2 | XOM: potion effect (haste)
 57180 | Vaults:2 | XOM: divination: detect creatures
 57480 | Vaults:2 | XOM: harmless Conj miscast
 57491 | Vaults:2 | XOM: potion effect (might)
 57708 | Vaults:2 | Reached skill level 5 in Shields
 57715 | Vaults:2 | XOM: potion effect (heal wounds)
 57745 | Vaults:2 | XOM: harmless Erth miscast
 57909 | Vaults:2 | XOM: potion effect (magic)
 57939 | Vaults:2 | XOM: harmless Hex miscast
 57979 | Vaults:2 | Got a pitted broad axe {antimagic}
 57982 | Vaults:2 | Identified the +6 broad axe of Dissent {antimagic, +Inv rF- Str+3 Int+4} (You took it off an orc warrior on level 2 of the Vaults)
 58055 | Vaults:2 | Found a staircase to the Crypt.
 58234 | Vaults:2 | Identified the ring of Zeabi {rPois rC+ MR+ MP+9} (You took it off a yaktaur captain on level 1 of the Vaults)
 58773 | Vaults:3 | XOM: harmless Erth miscast
 58780 | Vaults:3 | XOM: harmless Air miscast
 58785 | Vaults:3 | XOM: summons 6 friendly demons
 59041 | Vaults:3 | XOM: fog
 59280 | Vaults:3 | XOM: enchant monster (good)
 59319 | Vaults:3 | XOM: divination: detect items
 59343 | Vaults:3 | XOM: summons 10 friendly demons
 59683 | Vaults:3 | Found Zets's Gadget Shop.
 59683 | Vaults:3 | Found an oddly glowing altar of Pakellas.
 59683 | Vaults:3 | XOM: 7-stop teleportation journey
 59686 | Vaults:3 | XOM: swap monsters
 59724 | Vaults:3 | XOM: god gift: 3 tomahawks of dispersal
 59736 | Vaults:3 | XOM: give mutation
 59736 | Vaults:3 | Gained mutation: Your mind is acute. (Int +2) [Xom's grace]
 59791 | Vaults:3 | XOM: summons 6 friendly demons
 59866 | Vaults:3 | XOM: divination: detect items
 59882 | Vaults:3 | XOM is BORED!
 59882 | Vaults:3 | XOM: summons 9 hostile demons
 59991 | Vaults:3 | XOM: summons 4 hostile demons
 60140 | Vaults:3 | Reached skill level 15 in Air Magic
 60207 | Vaults:3 | Reached XP level 21. HP: 171/187 MP: 39/39
 60260 | Vaults:3 | Bought a piece from Xom's chessboard for 260 gold pieces
 60264 | Vaults:3 | XOM: severe Conj miscast
 60305 | Vaults:3 | XOM: mild Chrm miscast
 60332 | Vaults:3 | XOM: mild Divn miscast
 60342 | Vaults:3 | XOM: polymorph white ugly thing -> something unseen
 60941 | Vaults:4 | XOM: 3-stop teleportation journey
 61085 | Vaults:4 | XOM: summons 10 hostile demons
 61169 | Vaults:4 | XOM: polymorph deep elf annihilator -> emperor scorpion
 61427 | Vaults:4 | XOM: 2-stop teleportation journey
 61974 | Vaults:4 | XOM: medium Conj miscast
 62210 | Vaults:4 | Found Fafaibok's Magic Scroll Shoppe.
 62453 | D:13     | XOM: silly message
 62469 | D:13     | XOM: medium Fire miscast
 62475 | D:13     | XOM: vitrification
 62543 | D:12     | XOM: silly message
 62648 | Elf:2    | XOM: silly message
 62669 | Elf:2    | XOM: god gift: 14 silver bolts
 62806 | Elf:2    | Found a runed gate.
 62806 | Elf:2    | Found a runed gate.
 62808 | Elf:2    | Found a runed gate.
 63131 | Elf:2    | XOM: give mutation
 63131 | Elf:2    | Lost mutation: You are highly resistant to hostile enchantments. [Xom's mischief]
 63289 | Elf:3    | Entered Level 3 of the Elven Halls
 63612 | Elf:3    | XOM: noise
 63677 | Elf:3    | XOM: polymorph deep elf sorcerer -> dire elephant
 63843 | Elf:3    | Reached skill level 10 in Shields
 64037 | Elf:3    | XOM: enchant monster (bad)
 64259 | Elf:3    | XOM: chaos upgrade
 64553 | Elf:3    | XOM: summons friendly ufetubus
 64618 | Elf:3    | XOM: stat loss: -1 Int (15/16)
 64687 | Elf:3    | XOM: medium Tloc miscast
 64687 | Elf:3    | Cast into level 4 of the Abyss (the capriciousness of Xom)
 64707 | Elf:3    | Escaped the Abyss
 64767 | Elf:3    | XOM: harmless Conj miscast
 64770 | Elf:3    | XOM: cast spell 'Confusing Touch'
 64788 | Elf:3    | XOM: noise
 64891 | Elf:3    | XOM: god gift: scale mail {god gift}
 64979 | Elf:3    | XOM: enchant monster (good)
 64980 | Elf:3    | XOM: enchant monster (good)
 65007 | Elf:3    | XOM: potion effect (heal wounds)
 65023 | Elf:3    | XOM: enchant monster (bad)
 65203 | Elf:3    | XOM: swap monsters
 65211 | Elf:3    | XOM: harmless Chrm miscast
 65224 | Elf:3    | XOM: vitrification
 65283 | Elf:3    | XOM: confuse monster(s)
 65295 | Elf:3    | XOM: summons 9 friendly demons
 65344 | Elf:3    | XOM: swap monsters
 65523 | Elf:3    | Reached XP level 22. HP: 188/194 MP: 38/41
 65631 | Elf:3    | Identified the Disquisition on Vitriolic Transmutation
 65818 | Elf:3    | Got a heavily runed pewter ring
 65819 | Elf:3    | Identified the ring "Kosop" {rPois Dex+3} (You took it off a deep elf knight on level 3 of the Elven Halls)
 65828 | Elf:3    | XOM: vitrification
 66129 | Elf:3    | XOM: confuse monster(s)
 66430 | Elf:3    | XOM: give mutation
 66430 | Elf:3    | Gained mutation: You are resistant to electric shocks. [Xom's grace]
 66530 | Elf:3    | XOM: confuse monster(s)
 66778 | D:12     | XOM: polymorph troll -> yak
 67008 | Depths:1 | Entered Level 1 of the Depths
 67073 | Depths:1 | XOM: 1-stop teleportation journey
 67080 | Depths:1 | Found a gateway to Hell.
 67083 | Depths:1 | Noticed Norris
 67119 | Depths:1 | Killed Norris
 67119 | Depths:1 | Reached skill level 18 in Maces & Flails
 67124 | Depths:1 | XOM: confuse monster(s)
 67238 | Depths:1 | XOM: confuse monster(s)
 67242 | Depths:1 | XOM: swap monsters
 67246 | Depths:1 | XOM: god gift: scimitar {god gift}
 67247 | Depths:1 | XOM: confuse monster(s)
 67249 | Depths:1 | XOM: summons friendly white imp
 67416 | Depths:1 | XOM: polymorph red ugly thing -> ettin
 67645 | Depths:1 | XOM: vitrification
 67776 | Depths:1 | XOM: destruction
 67797 | Depths:1 | Reached skill level 15 in Charms
 67798 | Depths:1 | Found a one-way gate leading to the halls of Pandemonium.
 67798 | Depths:1 | XOM: confuse monster(s)
 67866 | Depths:1 | XOM: god gift: beef jerky
 67897 | Depths:1 | XOM: god gift: 2 potions of ambrosia
 67945 | Depths:1 | Found a runed door.
 67956 | Depths:1 | XOM: stat loss: -1 Int (15/16)
 68151 | Depths:1 | XOM: divination: magic mapping
 68293 | Depths:1 | Noticed a golden dragon
 68589 | Depths:1 | XOM: summons friendly shadow imp
 68610 | Depths:1 | XOM: fog
 68723 | Depths:1 | XOM: enchant monster (good)
 68820 | Depths:1 | XOM: enchant monster (good)
 68833 | Depths:1 | Killed a golden dragon
 68834 | Depths:1 | XOM: potion effect (brilliance)
 69026 | Depths:1 | XOM: fog
 69033 | Depths:1 | XOM: confuse monster(s)
 69130 | Depths:2 | XOM: 1-stop teleportation journey
 69206 | Depths:2 | XOM: 3-stop teleportation journey
 69218 | Depths:2 | XOM: confuse monster(s)
 69312 | Depths:2 | XOM: silly message
 69399 | Depths:2 | XOM: mild Necr miscast
 69466 | Depths:2 | Noticed Asterion
 69483 | Depths:2 | Killed Asterion
 69642 | Depths:2 | XOM: harmless Conj miscast
 69700 | Depths:2 | XOM: mild Pois miscast
 69795 | Depths:2 | XOM: silly message
 70062 | Depths:2 | XOM: cast spell 'Cause Fear'
 70064 | Depths:2 | XOM: 1-stop teleportation journey
 70287 | Depths:2 | XOM: fake destruction
 70288 | Depths:2 | XOM: smoke on damage
 70360 | Depths:2 | Found a large runed door.
 70361 | Depths:2 | Found a large runed door.
 70520 | Depths:2 | XOM: enchant monster (good)
 70746 | Depths:2 | XOM: potion effect (curing)
 70748 | Depths:2 | XOM: god gift: 5 fruits
 70761 | Depths:2 | Reached XP level 23. HP: 142/201 MP: 30/42
 70829 | Depths:2 | XOM: summons 12 friendly demons
 70830 | Depths:2 | Reached skill level 19 in Maces & Flails
 70870 | Depths:2 | XOM: summons friendly iron imp
 70945 | Depths:2 | XOM: confuse monster(s)
 71174 | Depths:3 | Noticed Voda's ghost (adept FeCK)
 71338 | Depths:3 | Found a one-way gate to the infinite horrors of the Abyss.
 71347 | Depths:3 | Killed Voda's ghost
 71470 | Depths:3 | XOM: scenery: 2 doors open
 71595 | Depths:2 | Lost mutation: Your body sometimes deteriorates upon taking damage. [evolution]
 71749 | Depths:3 | XOM: mild Fire miscast
 71897 | Depths:3 | XOM: silly message
 71938 | Depths:3 | XOM: potion effect (haste)
 71971 | Depths:3 | XOM: harmless Summ miscast
 72337 | Depths:3 | XOM: harmless Pois miscast
 72528 | Depths:3 | XOM: harmless Air miscast
 72546 | Depths:3 | XOM: harmless Summ miscast
 72549 | Depths:3 | Found Waovewn's Armour Shop.
 73237 | Depths:4 | Paralysed by a giant eyeball for 4 turns
 73249 | Depths:4 | Found Joloz's Food Boutique.
 73272 | Depths:4 | Noticed an iron giant
 73292 | Depths:4 | XOM: potion effect (magic)
 73297 | Depths:4 | XOM: smoke on damage
 73345 | Depths:3 | XOM: harmless Air miscast
 73419 | Depths:3 | XOM: divination: detect creatures
 73428 | Depths:4 | XOM: silly message
 73442 | Depths:4 | Killed an iron giant
 73576 | Depths:4 | XOM: silly message
 73585 | Depths:4 | XOM: divination: detect items
 73597 | Depths:4 | XOM: harmless Tloc miscast
 73963 | Depths:4 | XOM: divination: magic mapping
 73964 | Depths:4 | XOM: potion effect (might)
 73967 | Depths:4 | Reached skill level 20 in Maces & Flails
 73983 | Depths:4 | Paralysed by a giant eyeball for 3 turns
 74035 | Depths:4 | Noticed a caustic shrike
 74049 | Depths:4 | Killed a caustic shrike
 74082 | Depths:4 | XOM: silly message
 74107 | Depths:4 | XOM: blink monster(s)
 74109 | Depths:4 | XOM: god gift: 3 needles of confusion
 74160 | Depths:3 | XOM: god gift: large garnet ring {god gift}
 74198 | Depths:3 | XOM: give mutations
 74198 | Depths:3 | Lost mutation: Your tail ends in a wickedly sharp and poisonous barb. [Xom's mischief]
 74198 | Depths:3 | Lost mutation: You have large cloven feet. [Xom's mischief]
 74198 | Depths:3 | Lost mutation: Your flesh is cold resistant. [Xom's mischief]
 74198 | Depths:3 | Lost mutation: Your flesh is very heat resistant. [Xom's mischief]
 74246 | Depths:4 | XOM: god gift: piece from Xom's chessboard
 74388 | Depths:4 | Paralysed by a giant eyeball for 4 turns
 74394 | Depths:4 | XOM: polymorph yaktaur captain -> azure jelly
 74408 | Depths:4 | XOM: give mutations
 74408 | Depths:4 | Lost mutation: Your spells are harder to cast, but more powerful. [Xom's mischief]
 74408 | Depths:4 | Lost mutation: You rapidly evolve. [Xom's mischief]
 74408 | Depths:4 | Lost mutation: Your tail ends in a sharp poisonous barb. [Xom's mischief]
 74408 | Depths:4 | Lost mutation: Your flesh is heat resistant. [Xom's mischief]
 74491 | Depths:3 | XOM: harmless Conj miscast
 74551 | Depths:4 | Reached XP level 24. HP: 163/214 MP: 40/42
 74553 | Depths:4 | Paralysed by a giant eyeball for 2 turns
 74561 | Depths:4 | XOM: medium Summ miscast
 74619 | Depths:4 | XOM: mild Air miscast
 74684 | Depths:4 | Got a translucent bronze ring
 74685 | Depths:4 | Identified the ring "Illiepne" {Fire rPois Int+2} (You found it on level 4 of the Depths)
 74701 | Depths:4 | Found Hograwodgh's Food Shoppe.
 74731 | Depths:4 | XOM: cast spell 'Necromutation'
 74744 | Depths:4 | Noticed a juggernaut
 74762 | Depths:4 | Noticed a juggernaut
 74792 | Depths:4 | XOM: silly message
 74806 | Depths:3 | XOM: mild Pois miscast
 74911 | Depths:3 | XOM: harmless Pois miscast
 74958 | Depths:4 | Killed a juggernaut
 75101 | Depths:4 | XOM: vitrification
 75129 | Depths:4 | Paralysed by a giant eyeball for 3 turns
 75143 | Depths:4 | XOM: confuse monster(s)
 75157 | Depths:4 | Reached skill level 21 in Maces & Flails
 75176 | Depths:4 | Got an ancient lapis lazuli ring
 75179 | Depths:4 | Identified the cursed ring "Monukk" {rN++ AC-3 Dex-4} (You found it on level 4 of the Depths)
 75200 | Depths:4 | XOM: fog
 75207 | Depths:4 | XOM: medium Chrm miscast
 75215 | Depths:4 | XOM: summons friendly crimson imp
 75227 | Depths:4 | Killed a juggernaut
 75339 | Depths:4 | Noticed an iron giant
 75380 | Depths:3 | XOM: scenery: 2 doors close
 75411 | Depths:4 | XOM: god gift: wand of flame {god gift}
 75432 | Depths:4 | XOM: cast spell 'Confusing Touch'
 75676 | Depths:4 | Got a twitching brass ring
 75677 | Depths:4 | Identified the ring "Oqaynwy" {*Tele rElec} (You took it off a hell knight on level 4 of the Depths)
 75755 | Depths:4 | Found Hoekliv's Weapon Shop.
 75807 | Depths:4 | XOM: cast spell 'Confusing Touch'
 75851 | Depths:4 | Identified the Grimoire of Destructive Ice (You found it on level 4 of the Depths)
 75956 | Depths:4 | XOM: scenery: 1 doors close
 76030 | Depths:4 | XOM: harmless Chrm miscast
 76096 | Depths:5 | Entered Level 5 of the Depths
 76138 | Depths:5 | Noticed a juggernaut
 76352 | Depths:5 | XOM: confuse monster(s)
 76400 | Depths:5 | XOM: harmless Summ miscast
 76410 | Depths:5 | XOM: enchant monster (good)
 76438 | Depths:5 | XOM: give mutations
 76438 | Depths:5 | Gained mutation: You are robust (+10% HP). [Xom's grace]
 76438 | Depths:5 | Lost mutation: You evolve. [Xom's grace]
 76438 | Depths:5 | Gained mutation: You are somewhat resistant to further mutation. [Xom's grace]
 76490 | Depths:5 | XOM: divination: detect creatures
 76585 | Depths:5 | XOM: enchant monster (good)
 76589 | Depths:5 | XOM: god gift: short glowing rod {god gift}
 76595 | Depths:5 | XOM: destruction
 76596 | Depths:5 | XOM: confuse monster(s)
 76607 | Depths:5 | XOM: smoke on damage
 76622 | Depths:5 | Killed a juggernaut
 76787 | Depths:5 | XOM: swap monsters
 76911 | Depths:5 | Found a gate to the Realm of Zot.
 76933 | Depths:5 | XOM: god gift: beef jerky
 76955 | Depths:5 | XOM: summons friendly quasit
 76964 | Depths:5 | Reached skill level 22 in Maces & Flails
 77137 | Depths:5 | XOM: divination: magic mapping
 77141 | Depths:5 | XOM: silly message
 77508 | Depths:5 | XOM: colour smoke trail
 77517 | Depths:5 | Found a gateway to a ziggurat.
 77698 | Depths:5 | XOM: colour smoke trail
 78055 | D:10     | You paid a toll of a +2 shadow dragon armour to enter a treasure trove
 78056 | Trove    | Entered a treasure trove
 78067 | Trove    | Got a flickering steel ring
 78081 | Trove    | Identified the ring "Awej" {rCorr rElec rF+ Str+3} (You found it in a treasure trove)
 78102 | Trove    | Got a heavily runed marble ring
 78103 | Trove    | Identified the ring of the Six Planets {rPois Str+4} (You found it in a treasure trove)
 78106 | Trove    | Got a warped marble ring
 78107 | Trove    | Identified the ring of Xocyaloj {SustAt *Drain rC+ MP+9 Dex+6} (You found it in a treasure trove)
 78117 | Trove    | Got a wavering ivory ring
 78118 | Trove    | Identified the ring "Jewoaxim" {MP+9 SInv} (You found it in a treasure trove)
 78123 | Trove    | XOM: harmless Summ miscast
 78326 | Vaults:5 | Entered Level 5 of the Vaults
 78326 | Vaults:5 | Noticed Mennas
 78326 | Vaults:5 | Noticed Azzok's ghost (adept MiFi)
 78336 | Vaults:4 | XOM: polymorph vault guard -> catoblepas
 78490 | Vaults:4 | XOM: colour smoke trail
 78512 | Vaults:4 | XOM: summons 3 hostile shadow creatures
 78546 | Vaults:4 | Killed Mennas
 78581 | Vaults:4 | XOM: blink monster(s)
 78690 | Vaults:5 | Noticed an ancient lich
 78738 | Vaults:4 | Reached XP level 25. HP: 83/254 MP: 11/42
 78741 | Vaults:4 | XOM: chaos upgrade
 78744 | Vaults:4 | XOM: stat loss: -1 Int (15/16)
 78812 | Vaults:3 | XOM: summons 7 hostile demons
 78912 | Vaults:3 | XOM: harmless Necr miscast
 79110 | Vaults:5 | XOM: destruction
 79251 | Vaults:4 | XOM: chaos upgrade
 79349 | Vaults:4 | XOM: noise
 79535 | Vaults:5 | XOM: draining
 79590 | Vaults:4 | XOM: blink monster(s)
 79682 | Vaults:4 | XOM: give mutations
 79682 | Vaults:4 | Lost mutation: You are robust (+10% HP). [Xom's mischief]
 79682 | Vaults:4 | Lost mutation: You possess an exceptional clarity of mind. [Xom's mischief]
 79793 | Vaults:4 | XOM: confusion (+ monsters)
 79812 | Vaults:4 | Reached skill level 23 in Maces & Flails
 79882 | Vaults:4 | XOM: polymorph ettin -> minotaur
 80072 | Vaults:5 | XOM: confusion
 80082 | Vaults:5 | XOM: polymorph deep elf annihilator -> emperor scorpion
 80086 | Vaults:5 | XOM: cast spell 'Confusing Touch'
 80336 | Vaults:5 | Killed Azzok's ghost
 80461 | Vaults:5 | XOM: 1-stop teleportation journey
 80479 | Vaults:5 | XOM: medium Ice miscast
 80480 | Vaults:5 | XOM: confusion (+ monsters)
 80558 | Vaults:5 | XOM: enchant monster (bad)
 80563 | Vaults:5 | XOM: potion effect (curing)
 80790 | Vaults:5 | Noticed Wiglaf
 80794 | Vaults:5 | Killed Wiglaf
 80798 | Vaults:5 | XOM: mild Trmt miscast
 80937 | Vaults:5 | XOM: noise
 81142 | Vaults:5 | XOM: enchant monster (bad)
 81146 | Vaults:5 | XOM: cast spell 'Summon Butterflies'
 81149 | Vaults:5 | XOM: potion effect (haste)
 81152 | Vaults:5 | XOM: potion effect (invisibility)
 81153 | Vaults:5 | XOM: potion effect (berserk rage)
 81296 | Vaults:5 | Identified the Incunabulum of the Oath
 81374 | Vaults:5 | Got a shimmering brass ring
 81526 | Vaults:5 | XOM: mild Fire miscast
 81529 | Vaults:5 | Reached skill level 24 in Maces & Flails
 81549 | Vaults:5 | XOM: divination: detect creatures
 81594 | Vaults:5 | Identified the ring "Huigaih" {EV+3 Dex+5} (You found it on level 5 of the Vaults)
 81666 | Vaults:5 | Noticed an ancient lich
 81674 | Vaults:5 | Killed an ancient lich
 81674 | Vaults:5 | Reached XP level 26. HP: 149/244 MP: 21/42
 81675 | Vaults:5 | Killed an ancient lich
 81850 | Vaults:5 | XOM: potion effect (might)
 81965 | Vaults:5 | Got a silver rune of Zot
 82022 | Vaults:5 | XOM: potion effect (haste)
 82338 | Vaults:5 | XOM: harmless Erth miscast
 83244 | Slime:1  | Entered Level 1 of the Pits of Slime
 83272 | Slime:2  | XOM: stealth player
 83273 | Slime:2  | Reached skill level 15 in Dodging
 83296 | Slime:3  | XOM: cast spell 'Confusing Touch'
 83381 | Slime:3  | XOM: summons friendly crimson imp
 83561 | Slime:6  | Entered Level 6 of the Pits of Slime
 83734 | Slime:5  | XOM: divination: detect items
 83743 | Slime:5  | XOM: 1-stop teleportation journey
 83749 | Slime:5  | XOM: divination: magic mapping
 83755 | Slime:4  | XOM: silly message
 83757 | Slime:4  | XOM: potion effect (agility)
 83758 | Slime:4  | XOM: confuse monster(s)
 84021 | Slime:6  | Reached skill level 25 in Maces & Flails
 84071 | Slime:6  | XOM: divination: magic mapping
 84082 | Slime:6  | XOM: divination: detect creatures
 84097 | Slime:6  | Noticed the Royal Jelly
 84240 | Slime:6  | Found a viscous altar of Jiyva.
 84266 | Slime:6  | Killed the Royal Jelly
 84277 | Slime:6  | XOM: harmless Fire miscast
 84326 | Slime:6  | Got a slimy rune of Zot
 84352 | Slime:6  | XOM: harmless Fire miscast
 84394 | Slime:6  | Got a shimmering dire flail
 84395 | Slime:6  | Identified the +9 dire flail of the Present {crush, +Rage MR+} (You found it on level 6 of the Pits of Slime)
 84419 | Slime:6  | XOM: divination: detect creatures
 84439 | Slime:6  | Identified the Guide on the Rocks and Shape Shifting (You found it on level 6 of the Pits of Slime)
 84491 | Slime:6  | XOM: silly message
 84536 | Slime:4  | XOM: harmless Trmt miscast
 84541 | Slime:4  | XOM: 2-stop teleportation journey
 84910 | Orc:2    | Bought 2 scrolls of recharging for 627 gold pieces
 85010 | D:13     | XOM: mild Ice miscast
 85153 | Zot:1    | Entered Level 1 of the Realm of Zot
 85207 | Zot:1    | XOM: summons 3 friendly demons
 85210 | Zot:1    | Reached skill level 1 in Hexes
 85746 | Zot:2    | Noticed Voda's ghost (master OpAs)
 85746 | Zot:2    | XOM: 1-stop teleportation journey
 85756 | Zot:2    | XOM: swap monsters
 85759 | Zot:2    | Noticed an orb of fire
 85770 | Zot:2    | Killed an orb of fire
 85770 | Zot:2    | XOM: potion effect (berserk rage)
 85836 | Zot:2    | XOM: enchant monster (bad)
 85908 | Zot:2    | XOM: harmless Hex miscast
 85911 | Zot:2    | Reached XP level 27. HP: 233/254 MP: 39/42
 85936 | Zot:2    | XOM: colour smoke trail
 85962 | Zot:2    | XOM: chaos upgrade
 85974 | Zot:2    | XOM: medium Air miscast
 85981 | Zot:2    | XOM: polymorph moth of wrath -> sea snake
 85984 | Zot:2    | Reached skill level 5 in Hexes
 86078 | Zot:2    | Upgraded the game from 0.18-a0-1171-ga8e22e7 to 0.18-a0-1180-g64ccc1e
 86181 | Zot:2    | Killed Voda's ghost
 86655 | Zot:3    | XOM: mild Chrm miscast
 86757 | Zot:2    | XOM: mild Erth miscast
 87092 | Zot:3    | Noticed an orb of fire
 87112 | Zot:3    | Killed an orb of fire
 87119 | Zot:3    | Reached skill level 26 in Maces & Flails
 87163 | Zot:3    | Got a flickering brass ring
 87164 | Zot:3    | Identified the ring of Orthodoxy {+Blink rN+ MR+ Slay+3 Stlth-} (You found it on level 3 of the Realm of Zot)
 87191 | Zot:3    | XOM: blink monster(s)
 87204 | Zot:3    | XOM: mild Ice miscast
 87366 | Zot:3    | XOM: 7-stop teleportation journey
 87458 | Zot:3    | XOM: colour smoke trail
 87612 | Zot:3    | XOM: summons 5 friendly demons
 88035 | Zot:4    | XOM: god gift: 1000 gold pieces
 88076 | Zot:4    | XOM: confusion
 88249 | Zot:4    | XOM: confusion
 88258 | Zot:4    | XOM: divination: detect creatures
 88276 | Zot:4    | HP: 3/256 [red draconian monk (15)]
 88277 | Zot:4    | Engulfed by a cloud of flame

Vault maps used:
D:1:      evilmike_arrival_hilbert_curve
D:2:      nemelex_xobeh_ov_fountains_minmay, lemuel_doored_altar,
          xom_butterflies, overflow_temple_1_default, serial_bayou_pond_c,
          uniq_iyjb
D:3:      nicolae_gozag_zags_fifth_avenue, old_standard_altar, lemuel_tele_altar
D:4:      serial_shops, shop_fountains, portal_sewer_entry_e
D:5:      grunt_pakellas_sulfur, kennysheep_mini_moat,
          okawaru_altar_gauntlet_db, first_bread, uniq_sigmund, uniq_eustachio
D:6:      overflow_temple_1_default, serial_shops, kennysheep_mini,
          nicolae_ossuary_entry_giza
D:7:      elyvilon_altar_1, kiku_gazebo_pond_becter,
          minmay_temple_entry_butterflies
D:9:      vehumet_altar_wand_db, dpeg_lair_monsters, uniq_erolcha, uniq_joseph
D:10:     enter_trove_3, blue_anna_alchemist
D:11:     serial_undead, serial_undead_e, serial_undead_e, serial_undead_b,
          serial_undead_f, uniq_grum
D:12:     zombieorc1_lemuel, serial_shops, shop
D:13:     david_vaults_1, uniq_frances, uniq_rupert
D:15:     gammafunk_depths_entry_grave, basic_altar, minivault_10
Lair:1:   infiniplex_staircase_pool, grunt_megastairs_2
Lair:2:   wad_woods_road_03, tgw_fedhas, serial_bayou_shore_a
Lair:3:   dummy_snake_entry
Lair:4:   dpeg_oklob_shooting_range, lemuel_fruit_fields, grunt_megastairs_4
Lair:5:   kennysheep_snail_temple
Lair:6:   minmay_swamp_entry_worms, minmay_slime_entry_pillars,
          grunt_megastairs_5
Lair:7:   st_stairs_6, beast_lair_carwin_6
Lair:8:   guppyfry_lair_end_dragon, hangedman_lair_caniforms_friends,
          lemuel_oklob_altar, uniq_maud
Swamp:1:  cheibrodos_swamp_tower_of_moss, serial_swamp_ruin,
          evilmike_swamp_ruin_house_3, evilmike_swamp_ruin_rubble_1,
          swamp_pool1, grunt_hermit_hut, infiniplex_staircase_pool_2
Swamp:2:  evilmike_swamp_ruin_house_5, uniq_louise
Swamp:3:  hangedman_swamp_lotus, uniq_nikola, uniq_mara
Swamp:4:  grunt_swamp_rune_castle
Snake:1:  grunt_megastairs_3, lemuel_fruit_tree, uniq_aizul
Snake:2:  basic_altar, spider_trap, serial_bayou_pond_a, serial_bayou_shore_b,
          grunt_megastairs_1
Snake:3:  nicolae_snake_springs
Snake:4:  johnstein_snake_rune_scales
Slime:4:  nicolae_slime_phagocytosis
Orc:1:    enter_bailey_3, nicolae_orc_rockfall
Orc:2:    kennysheep_orc_mage_school, basic_altar, portal_ice_cave_entry_imps,
          serial_shops, shop, shop, shop, uniq_nessos
Elf:1:    eino_elf_arrival_altar
Elf:2:    basic_stair_grate_trap
Elf:3:    minmay_elf_hall_golems
Vaults:1: ontoclasm_vaults_gateway, hangedman_vaults_nodes,
          nicolae_vaults_little_squares_1, vaults_room_large_hall,
          grunt_vaults_hallway_long, v_misc_30, v_misc_2,
          hangedman_vaults_nails, vaults_room_grunt_arrival_checkpoint
Vaults:2: minmay_crypt_entry_simple_walls, ontoclasm_vaults_tryst,
          vaults_room_glass_cross, vaults_mumra_minichess_inversion,
          v_pattern_3, hangedman_vaults_slice, ontoclasm_vaults_loading_screen,
          vaults_dpeg_doors, nicolae_vaults_ring_of_whatevers,
          vaults_room_ringed_pool, dpeg_vaults_monster_box, vaults_mumra_hex,
          nicolae_vaults_gold_heap, serial_shops,
          nicolae_shop_scaring_up_business, uniq_frederick
Vaults:3: vaults_mumra_minichess, v_misc_19, vaults_room_grid,
          nicolae_vaults_little_squares_4, v_misc_1, v_misc_25,
          nicolae_vaults_little_ls, v_pattern_5, v_alt_pattern_2,
          ontoclasm_vaults_claustrophobia, vaults_dpeg_cross, v_misc_29,
          nicolae_vaults_theta, grunt_vaults_focal, vaults_dpeg_encased_lava,
          v_rooms_2, v_misc_22, serial_shops, shop, basic_altar
Vaults:4: nicolae_vaults_big_angled_halls, grunt_vaults_trifunnel,
          vaults_dpeg_ring, vaults_mumra_hexcomb, ontoclasm_vaults_ring_large,
          ontoclasm_vaults_twist, v_alt_pattern_6,
          nicolae_vaults_big_angled_halls, serial_shops, shop
Vaults:5: serial_shops, uniq_wiglaf, uniq_mennas
Depths:1: kennysheep_cross_landing, serial_column_ruins,
          column_ruins_portal_island, column_ruins_open_tiny_water,
          column_ruins_open_tiny, column_ruins_open_large,
          column_ruins_open_medium, hangedman_geh_valley,
          rand_demon_pan_entry_9, minmay_misc_feat_doors, st_stairs_1,
          lightli_gold_pyramid, uniq_norris
Depths:2: lightli_eight_chambers, grunt_pan_entry_sceptre, hex_medium,
          grunt_hell_entry_dis_old, uniq_asterion
Depths:3: kennysheep_ambush_hall, grunt_pan_entry_spiral, abyss_entry,
          kennysheep_nondescript, hell_entry, serial_shops, nicolae_shop_stone,
          minmay_misc_feat_columns, infiniplex_staircase_zigzag_5,
          firewood_loft, serial_bayou_shore_b
Depths:4: hangedman_spin_cycle, abyss_entry, hell_entry
Depths:5: grunt_zot_entry_gee_three, enter_ziggurat_f, minmay_crystal_water,
          hell_entry
Zot:3:    nicolae_moth_party
Zot:4:    st_small_dragon_hoard_3
Abyss:4:  hangedman_decor_lopped, nicolae_abyss_rune_containment_breach
Trove:    trove_jewel_2
Sewer:    sewer_big_baddie
Ossuary:  ossuary_tomb_2
Bailey:   bailey_polearm_4, bailey
IceCv:    ice_cave_caverns_02

Action                   |  1- 3 |  4- 6 |  7- 9 | 10-12 | 13-15 | 16-18 | 19-21 | 22-24 | 25-27 || total
-------------------------+-------+-------+-------+-------+-------+-------+-------+-------+-------++-------
Melee: Hand axe          |   101 |   252 |   262 |   600 |   282 |       |       |       |       ||  1497
       Great mace        |       |       |       |       |   957 |  1386 |  1575 |  1688 |   349 ||  5955
       Battleaxe         |       |       |       |       |    30 |       |       |       |       ||    30
       Unarmed           |       |       |       |       |     3 |       |       |       |       ||     3
       Maul              |       |       |       |       |       |       |     2 |    14 |   698 ||   714
       Eveningstar       |       |       |       |       |       |       |       |       |     4 ||     4
 Cast: Regeneration      |       |       |       |       |       |       |    50 |    69 |    41 ||   160
       Deflect Missiles  |       |       |       |       |       |       |     6 |     9 |    11 ||    26
       Haste             |       |       |       |       |       |       |       |     5 |    26 ||    31
 Abil: Fly               |       |     1 |       |       |       |     1 |     2 |       |       ||     4
       Breathe Steam     |       |       |    13 |    79 |    18 |    20 |     2 |     7 |     2 ||   141
       Evoke Invisibilit |       |       |       |       |       |       |     1 |       |       ||     1
       Stop Flying       |       |       |       |       |       |       |       |       |     1 ||     1
Evoke: Deck              |       |     5 |       |     2 |     4 |     1 |       |       |       ||    12
       Wand              |       |     3 |       |     6 |     3 |    25 |    12 |    14 |    19 ||    82
       Lamp of fire      |       |       |       |       |       |     1 |       |       |       ||     1
  Use: Scroll            |       |       |       |    27 |     9 |    15 |    22 |    26 |     8 ||   107
       Potion            |       |       |       |     2 |     3 |     2 |     1 |       |     9 ||    17
 Stab: Sleeping          |     2 |     2 |     3 |     2 |     4 |     2 |     5 |     2 |     8 ||    30
       Petrified         |     1 |     2 |       |     1 |       |       |       |     3 |       ||     7
       Paralysed         |     1 |     1 |     4 |     4 |     3 |     2 |       |       |       ||    15
       Petrifying        |       |     1 |       |       |       |       |       |       |       ||     1
       Confused          |       |       |     3 |     3 |     5 |     6 |     6 |    17 |     1 ||    41
       Distracted        |       |       |       |       |     1 |     4 |     3 |     3 |     6 ||    17
       Invisible         |       |       |       |       |       |       |     2 |       |     4 ||     6
  Eat: Chunk             |     1 |     8 |    13 |    21 |    30 |    15 |    33 |    12 |     5 ||   138
       Pizza             |       |     1 |       |     2 |     3 |     2 |       |       |     5 ||    13
       Beef jerky        |       |       |       |     2 |     1 |     3 |     5 |     5 |     3 ||    19
       Meat ration       |       |       |       |     1 |     3 |     3 |     3 |     6 |     8 ||    24
       Royal jelly       |       |       |       |     1 |     3 |    13 |       |     3 |     1 ||    21
       Fruit             |       |       |       |       |       |     6 |     1 |       |       ||     7
       Bread ration      |       |       |       |       |       |       |       |       |     2 ||     2
